Workbook

Sheet Feuil2
A1: POSTES A VALIDER
A2: REVOIR AHMED PRIX
A3: GOUTTIERE ZINC
A4: BATI SUPPORT
A5: REVOIR DETAIL KIT ELEC
A6: REVOIR DETAIL KIT PROFIL
A7: FORFAIT CARRELAGE SOLS ET MURS
A8: LAPEYRE ESCALIER
A9: PORTE
A10: FENETRE STANDARDISE
A11: GRAVILLONS LESTE

Sheet  DEVIS ACHAT 2 (2)
K8: garder | O8: A VERIFIER
A9: Ligne | B9: Désignation | C9: unité | D9: Qté | E9: Pv ht | F9: PV Total HT | G9: Tva | H9: PACH | I9: Total HT | K9: delete | O9: VEGETALISATION
A10: 1 | B10: Etude de Faisabilité Et Postes a Provisionner | J10: garder | O10: FONDATIONS
A11: ETU01 | B11: Avant Projet Sommaire | C11: U | D11: 1 | E11: 4500 | F11: =D11*E11 -> 4500 | G11: 20 | H11: 4000 | I11: =D11*H11 -> 4000 | J11: =J10 -> garder | N11: CREPIS TALOCHE
A12: ETU02 | B12: Etude Thermique | C12: U | D12: 2 | E12: 300 | F12: =D12*E12 -> 600 | G12: 20 | H12: 300 | I12: =D12*H12 -> 600 | J12: =J11 -> garder | N12: SECHE SERVIETTE
A13: ETU03 | B13: Etude Structure | C13: U | D13: 1 | E13: 200 | F13: =D13*E13 -> 200 | G13: 20 | H13: 200 | I13: =D13*H13 -> 200 | J13: =J12 -> garder | N13: MENUISERIES EXTERIEURES
A14: ETU04 | B14: Etude De Sol | C14: U | D14: 1 | F14: =D14*E14 -> 0 | G14: 20 | I14: =D14*H14 -> 0 | J14: =J13 -> garder
A15: ETU05 | B15: Etude de Parcelle Géomètre | C15: U | D15: 1 | F15: =D15*E15 -> 0 | G15: 20 | I15: =D15*H15 -> 0 | J15: =J14 -> garder
A16: ETU06 | B16: Attestation B.bio | C16: U | D16: 1 | F16: =D16*E16 -> 0 | G16: 20 | I16: =D16*H16 -> 0 | J16: =J15 -> garder
A17: ETU07 | B17: Dossier Permis de Construire | C17: U | D17: 1 | F17: =D17*E17 -> 0 | G17: 20 | I17: =D17*H17 -> 0 | J17: =J16 -> garder
A18: ETU08 | B18: Assurances Dommage-ouvrage | C18: U | D18: 1 | F18: =D18*E18 -> 0 | G18: 20 | I18: =D18*H18 -> 0 | J18: =J17 -> garder
A19: ETU09 | B19: ENEDIS Raccordement et Mise en place Compteur definitif | C19: U | D19: 1 | F19: =D19*E19 -> 0 | G19: 20 | I19: =D19*H19 -> 0 | J19: =J18 -> garder
A20: ETU10 | B20: Compagnie des Eaux pose du compteur en limite de propriété | C20: U | D20: 1 | F20: =D20*E20 -> 0 | G20: 20 | I20: =D20*H20 -> 0 | J20: =J19 -> garder
A21: ETU11 | B21: Orange Raccordement de la Fibre | C21: U | D21: 1 | F21: =D21*E21 -> 0 | G21: 20 | I21: =D21*H21 -> 0 | J21: =J20 -> garder
A22: ETU12 | B22: Consuel pour validation de l'installation electrique | C22: U | D22: 1 | F22: =D22*E22 -> 0 | G22: 20 | I22: =D22*H22 -> 0 | J22: =J21 -> garder
A23: 2 | B23: Necessite Primaire De Mise En Place du Chantier | G23: 20
A24: MEP01 | B24: Installation De Chantier | C24: U | D24: 3 | E24: 500 | F24: =D24*E24 -> 1500 | G24: 20 | H24: 350 | I24: =D24*H24 -> 1050
A25: MEP02 | B25: Clôture De Chantier | C25: ML | D25: 1 | E25: 200 | F25: =D25*E25 -> 200 | G25: 20 | H25: 150 | I25: =D25*H25 -> 150
A26: MEP03 | B26: Sanitaire De Chantier | C26: U | D26: 1 | F26: =D26*E26 -> 0 | G26: 20 | I26: =D26*H26 -> 0
A27: MEP04 | B27: Coffret Et Compteur De Chantier | C27: U | D27: 1 | F27: =D27*E27 -> 0 | G27: 20 | I27: =D27*H27 -> 0
A28: MEP05 | B28: Pose Et Dépose D'un Echaffaudage Sécurisé | C28: M2 | D28: ='SAISIE TECHNIQUE'!D14 -> 2.5 | E28: 12 | F28: =D28*E28 -> 30 | G28: 20 | H28: 12 | I28: =D28*H28 -> 30
A29: MEP06 | B29: Nettoyage De Chantier Interieur Et Exterieur Aux Abords De La Construction | C29: U | D29: 1 | E29: 500 | F29: =D29*E29 -> 500 | G29: 20 | H29: 500 | I29: =D29*H29 -> 500
A30: 3 | B30: Voirie Et Réseaux Divers | G30: 20
A31: VRD01 | B31: Fourniture et pose Gaine pour électricité | C31: ML | D31: ='SAISIE TECHNIQUE'!B6 -> 20 | F31: =D31*E31 -> 0 | G31: 20 | I31: =D31*H31 -> 0
A32: VRD02 | B32: Fourniture et pose Gaine pour arrivée generale d'eau pe 25 | C32: ML | D32: ='SAISIE TECHNIQUE'!B29 -> 20 | E32: 60 | F32: =D32*E32 -> 1200 | G32: 20 | H32: 40 | I32: =D32*H32 -> 800
A33: VRD03 | B33: Fourniture et pose Regard pied de chute EP en béton 400*400 avec tampon | C33: U | D33: 2 | F33: =D33*E33 -> 0 | G33: 20 | I33: =D33*H33 -> 0
A34: VRD04 | B34: Fourniture et pose boite de Branchement canalisations eaux usées, vannes et pluviales sur regard existant | C34: U | D34: 2 | E34: 150 | F34: =D34*E34 -> 300 | G34: 20 | H34: 110 | I34: =D34*H34 -> 220
A35: VRD05 | B35: Fourniture et pose d'une évacuation EU de type assainissement en partie enterré | C35: ML | D35: ='SAISIE TECHNIQUE'!B6 -> 20 | E35: 120 | F35: =D35*E35 -> 2400 | G35: 20 | H35: 80 | I35: =D35*H35 -> 1600
A36: VRD06 | B36: Fourniture et pose d'une descente EP en zinc | C36: ML | D36: ='SAISIE TECHNIQUE'!B1 -> 6.5 | E36: 110 | F36: =D36*E36 -> 715 | G36: 20 | H36: 50 | I36: =D36*H36 -> 325
A37: VRD07 | B37: Fourniture et pose d'une gouttiere en zinc | C37: ML | D37: ='SAISIE TECHNIQUE'!B2 -> 16 | E37: 110 | F37: =D37*E37 -> 1760 | G37: 20 | H37: 50 | I37: =D37*H37 -> 800
A38: VRD08 | B38: Fourniture et pose d'une boite a eau sur toit terasse | C38: U | D38: 1 | E38: 250 | F38: =D38*E38 -> 250 | G38: 20 | H38: 200 | I38: =D38*H38 -> 200
A39: 4 | B39: Terrasement | G39: 20
A40: TRS01 | B40: Implantation avant terrassement | C40: U | D40: 1 | E40: 550 | F40: =D40*E40 -> 550 | G40: 20 | I40: =D40*H40 -> 0
A41: TRS02 | B41: Décapage de la terre végétale pour création de la plateforme | C41: M3 | D41: =TERASSEMENT!H2 -> 75.6 | E41: 45 | F41: =D41*E41 -> 3402 | G41: 20 | H41: 35 | I41: =D41*H41 -> 2646
A42: TRS03 | B42: Terrassement pour plot beton permettant la réalisation d'une cloture | C42: M3 | F42: =D42*E42 -> 0 | G42: 20 | I42: =D42*H42 -> 0
A43: TRS04 | B43: Réalisation d'une tranchée à l'engin mecanique prof hors gel pour Evacuation EU EP et arrivées Eau | C43: M3 | D43: ='SAISIE TECHNIQUE'!B6 -> 20 | E43: 45 | F43: =D43*E43 -> 900 | G43: 20 | H43: 30 | I43: =D43*H43 -> 600
A44: TRS05 | B44: Réalisation d'une tranchée pour réseaux secs(Fibre,ptt,electricité) | C44: M3 | D44: ='SAISIE TECHNIQUE'!B6 -> 20 | E44: 45 | F44: =D44*E44 -> 900 | G44: 20 | H44: 30 | I44: =D44*H44 -> 600
A45: TRS06 | B45: Réalisation d'une tranchée à l'engin mécanique pour fouilles des semelles filantes | C45: M3 | D45: ='SAISIE TECHNIQUE'!B4 -> 41 | E45: 45 | F45: =D45*E45 -> 1845 | G45: 20 | I45: =D45*H45 -> 0
A46: TRS07 | B46: Réalisation Fouilles en tranchées à l'engin mécanique largeur 0,40 m, profondeur 0,60 m pour réalisation évacuation EU | C46: M3 | D46: ='SAISIE TECHNIQUE'!B6 -> 20 | E46: 45 | F46: =D46*E46 -> 900 | G46: 20 | H46: 30 | I46: =D46*H46 -> 600
A47: TRS08 | B47: Réalisation Fouilles en tranchées à l'engin mécanique largeur 0,40 m, profondeur 0,60 m pour réalisation évacuation EP | C47: M3 | D47: =TERASSEMENT!H5 -> 6.48 | E47: 45 | F47: =D47*E47 -> 291.6 | G47: 20 | H47: 30 | I47: =D47*H47 -> 194.4
A48: 5 | B48: FONDATIONS | G48: 20
A49: FDN01 | B49: Fourniture et Pose Massif de fondation pour poteaux | C49: M3 | F49: =D49*E49 -> 0 | G49: 20 | I49: =D49*H49 -> 0
A50: FDN02 | B50: Fourniture et Pose Semelles de fondation filantes | C50: M3 | D50: 0 | E50: =FONDATIONS!C19 -> 66.2 | F50: =D50*E50 -> 0 | G50: 20 | H50: =FONDATIONS!C20 -> 99.3 | I50: =D50*H50 -> 0
A51: FDN03 | B51: Mise en place de pieux pour fondations | C51: U | F51: 8500 | G51: 20 | I51: =D51*H51 -> 0
A52: FDN04 | B52: Réalisation Chaînage horizontal sur murs de soubassement (compris coffrages et aciers) | C52: ML | F52: =D52*E52 -> 0 | G52: 20 | I52: =D52*H52 -> 0
A53: FDN05 | B53: Réalisation Dallage de sous sol et terre plein epaisseur 10 cms | C53: M3 | F53: =D53*E53 -> 0 | G53: 20 | I53: =D53*H53 -> 0
A54: FDN06 | B54: Réalisation Radier de 20 cm | C54: M3 | F54: =D54*E54 -> 0 | G54: 20 | I54: =D54*H54 -> 0
A55: FDN07 | B55: Réalisation Béton de propreté (ep=5 cm) | C55: M3 | F55: =D55*E55 -> 0 | G55: 20 | I55: =D55*H55 -> 0
A56: FDN08 | B56: Fourniture et pose d'un plancher poutrelle hourdis polystirene rup à | C56: M2 | F56: =D56*E56 -> 0 | G56: 20 | I56: =D56*H56 -> 0
A57: FDN09 | B57: Realisation d'une dalle beton sur hourdis polystirene ep 5 cm | C57: M3 | D57: 0 | E57: =FONDATIONS!F20 -> 34.478571 | F57: =D57*E57 -> 0 | G57: 20 | H57: =FONDATIONS!F19 -> 22.985714 | I57: =D57*H57 -> 0
A58: FDN10 | B58: Fourniture et pose Enduit d'imperméabilisation pour partie enterrée | C58: M2 | E58: 35 | F58: =D58*E58 -> 0 | G58: 20 | H58: 25 | I58: =D58*H58 -> 0
A59: FDN11 | B59: Fourniture et Pose d'un drain peripherique avec son feutre geotextile pour évacuation des eaux de ruisselement | C59: Ml | D59: ='SAISIE TECHNIQUE'!B4 -> 41 | G59: 20
A60: 6 | B60: Maçonnerie | G60: 20
A61: MCR01 | B61: Mur en béton banché de 20 cms incluant le coulage d'un beton fluide autoplacant | C61: M2 | D61: 0 | E61: =FONDATIONS!D20 -> 109.5 | F61: =D61*E61 -> 0 | G61: 20 | H61: =FONDATIONS!D19 -> 73 | I61: =D61*H61 -> 0
A62: MCR02 | B62: Seuil en béton lissé devant porte d'entrée, de garage et de service | C62: U | F62: =D62*E62 -> 0 | G62: 20 | I62: =D62*H62 -> 0
A63: MCR03 | B63: Chaînage horizontal sur murs de soubassement (compris coffrages et aciers) | C63: ML | F63: =D63*E63 -> 0 | G63: 20 | I63: =D63*H63 -> 0
A64: MCR04 | B64: Marche escalier droite béton largeur 90 cm | C64: U | F64: =D64*E64 -> 0 | G64: 20 | I64: =D64*H64 -> 0
A65: 7 | B65: STRUCTURE BOIS | G65: 20
A66: STR01 | B66: MURS :Complexe de murs inclunat la structure de murs montant 45*145 ,un isolant en laine de roche ep 145 mm r sup a un pare vapeur sd sup à 90 un tasseau de 22mm , un écran pare pluie agraffé, un panneau de contreventement ep 12mm | C66: M2 | D66: ='SAISIE TECHNIQUE'!D1 -> 266.5 | E66: 125 | F66: =D66*E66 -> 33312.5 | G66: 20 | H66: 125 | I66: =D66*H66 -> 33312.5
A67: STR02 | B67: PLANCHER INTERMEDIARE : un solivage bois AVEC QUEUE D ARRONDE OU SABOTS METALLIQUES POSE SUR MURAILLIERES incluant son isolant phonique en laine de roche | C67: M2 | D67: ='SAISIE TECHNIQUE'!D10 -> 70 | E67: 90 | F67: =D67*E67 -> 6300 | G67: 20 | H67: 60 | I67: =D67*H67 -> 4200
A68: STR03 | B68: TOIT TERASSE : un solivage bois par caisson de toiture incluant sa dalle OSB 18 MM un pare vapeur sd un isolant steico 180mm entre solives +100mm laine de bois sur menbranne EPDM POUR UN R TOTAL DE | C68: M2 | D68: ='SAISIE TECHNIQUE'!D11 -> 70 | E68: 120 | F68: =D68*E68 -> 8400 | G68: 20 | H68: 80 | I68: =D68*H68 -> 5600
A69: STR04 | B69: Pose par Equipe qualifiée de l'ensemble de la structure Bois | F69: =10000 -> 10000 | G69: 20
A70: STR05 | B70: Une dalle bois par caisson isolé incluant son pare vapeur ep 240mm ,isolant steico laine de bois r sup a | C70: 70 | D70: ='SAISIE TECHNIQUE'!D9 -> 70 | E70: 180 | F70: =D70*E70 -> 12600 | H70: 145
A71: 8 | B71: PAREMENTS EXTERIEURS | G71: 20
A72: PME01 | B72: Fourniture et pose d'un bardage a griser de type douglas | C72: M2 | E72: 90 | F72: =D72*E72 -> 0 | G72: 20 | H72: 45 | I72: =D72*H72 -> 0
A73: PME02 | B73: Réalisation d'un crepis taloché sur support d'enduit de type laine de roche | C73: M2 | E73: 90 | F73: =D73*E73 -> 0 | G73: 20 | H73: 45 | I73: =D73*H73 -> 0
A74: 9 | B74: Menuiseries Interieures | G74: 20
A75: MEI01 | B75: Fourniture et pose Escalier droit volée compléte avec marches et contremarches | C75: U | F75: =D75*E75 -> 0 | G75: 20 | I75: =D75*H75 -> 0
A76: MEI02 | B76: Fourniture et pose Escalier 1/4 tournant volée complète avec marches et contremarches | C76: U | F76: =D76*E76 -> 0 | G76: 20 | I76: =D76*H76 -> 0
A77: MEI03 | B77: Pose Bloc porte bois, porte postformée prépeinte de 63*204 | C77: U | D77: 1 | E77: 230 | F77: =D77*E77 -> 230 | G77: 20 | H77: 130 | I77: =D77*H77 -> 130
A78: MEI04 | B78: Pose Bloc porte bois, porte postformée prépeinte de 73*204 | C78: U | D78: 1 | E78: 230 | F78: =D78*E78 -> 230 | G78: 20 | H78: 130 | I78: =D78*H78 -> 130
A79: MEI05 | B79: Pose Bloc porte bois, porte postformée prépeinte de 73*204 | C79: U | D79: 1 | E79: 230 | F79: =D79*E79 -> 230 | G79: 20 | H79: 130 | I79: =D79*H79 -> 130
A80: MEI06 | B80: Pose Porte a galandage | C80: U | F80: =D80*E80 -> 0 | G80: 20 | I80: =D80*H80 -> 0
A81: 10 | B81: Electricité | G81: 20
A82: ELEC01 | B82: Fourniture & pose d'un interrupteur Celiane | C82: U | D82: ='SAISIE CLIENT ELEC'!D27 -> 3 | E82: 90 | F82: =D82*E82 -> 270 | G82: 20 | H82: 60 | I82: =D82*H82 -> 180
A83: ELEC02 | B83: Fourniture et pose d'un va et vient Celiane | C83: U | D83: ='SAISIE CLIENT ELEC'!E27 -> 2 | E83: 90 | F83: =D83*E83 -> 180 | G83: 20 | H83: 60 | I83: =D83*H83 -> 120
A84: ELEC03 | B84: Fourniture & Pose d'un Bouton poussoire Celiane | C84: U | D84: ='SAISIE CLIENT ELEC'!B27 -> 3 | E84: 90 | F84: =D84*E84 -> 270 | G84: 20 | H84: 60 | I84: =D84*H84 -> 180
A85: ELEC04 | B85: Fourniture et pose d'une prise de courant Celiane | C85: U | D85: ='SAISIE CLIENT ELEC'!G27 -> 9 | E85: 90 | F85: =D85*E85 -> 810 | G85: 20 | H85: 60 | I85: =D85*H85 -> 540
A86: ELEC05 | B86: Fourniture et pose d'un point lumineux en applique exterieure | C86: U | D86: ='SAISIE CLIENT ELEC'!O25 -> 0 | E86: 90 | F86: =D86*E86 -> 0 | G86: 20 | H86: 60 | I86: =D86*H86 -> 0
A87: ELEC06 | B87: Fourniture & Pose d'un variateur Celiane | C87: U | D87: ='SAISIE CLIENT ELEC'!M27 -> 4 | E87: 140 | F87: =D87*E87 -> 560 | G87: 20 | H87: 60 | I87: =D87*H87 -> 240
A88: ELEC07 | B88: Fourniture & Pose d'une prise R45J Celiane | C88: U | D88: ='SAISIE CLIENT ELEC'!I27 -> 5 | E88: 110 | F88: =D88*E88 -> 550 | G88: 20 | H88: 60 | I88: =D88*H88 -> 300
A89: ELEC08 | B89: Fourniture & Pose d'une Prise usb Celiane | C89: U | D89: ='SAISIE CLIENT ELEC'!L27 -> 4 | E89: 110 | F89: =D89*E89 -> 440 | G89: 20 | H89: 60 | I89: =D89*H89 -> 240
A90: ELEC09 | B90: Branchement Volet Roulant Celiane | C90: U | D90: ='SAISIE CLIENT ELEC'!C27 -> 8 | E90: 110 | F90: =D90*E90 -> 880 | G90: 20 | H90: 60 | I90: =D90*H90 -> 480
A91: ELEC10 | B91: Fourniture et pose d'une prise commandée | C91: U | D91: ='SAISIE CLIENT ELEC'!N27 -> 5 | E91: 110 | F91: =D91*E91 -> 550 | G91: 20 | H91: 60 | I91: =D91*H91 -> 300
A92: ELEC11 | B92: Fourniture et pose d'un thermostat | C92: U | D92: ='SAISIE CLIENT ELEC'!K27 -> 2 | E92: 140 | F92: =D92*E92 -> 280 | G92: 20 | H92: 90 | I92: =D92*H92 -> 180
A93: ELEC12 | B93: Fourniture et pose Radiateur séche serviettes 1500 W | C93: U | F93: =D93*E93 -> 0 | G93: 20 | I93: =D93*H93 -> 0
A94: ELEC13 | B94: Fourniture et pose d'un spot encastré pour pieces humides SDB PARENTS | C94: U | E94: 120 | F94: =D94*E94 -> 0 | G94: 20 | H94: 60 | I94: =D94*H94 -> 0
A95: ELEC14 | B95: Fourniture et Pose de spots encastrés incluant son interrupteur
A96: ELEC15 | B96: Alimentation plaque de cuisson | C96: U | D96: 1 | E96: 110 | F96: =D96*E96 -> 110 | G96: 20 | H96: 60 | I96: =D96*H96 -> 60
A97: ELEC16 | B97: Alimentation VMC | C97: U | D97: 1 | E97: 110 | F97: =D97*E97 -> 110 | G97: 20 | H97: 60 | I97: =D97*H97 -> 60
A98: ELEC17 | B98: Fourniture et pose d'un tableau suivant dimensionnement incluant les interrupteurs differentiels raccordés ainsi que son dijoncteur generale | C98: U | D98: 1 | F98: =D98*E98 -> 0 | G98: 20 | I98: =D98*H98 -> 0
A99: ELEC18 | B99: Fourniture et pose d'un coffret DTI pour gestion des prises RJ 45 | C99: U | D99: 1 | F99: =D99*E99 -> 0 | G99: 20 | I99: =D99*H99 -> 0
A100: ELEC19 | B100: Fourniture et Pose d'un Parafoudre
A101: ELEC20 | B101: Mise en Place de liaisons équiponentielles
A102: 11 | B102: PLATERIE | G102: 20
A103: PLT01 | B103: Fourniture et Pose Plafond horizontal BA 13 sur rail | C103: M2 | D103: ='SAISIE TECHNIQUE'!D6 -> 140 | E103: 45 | F103: =D103*E103 -> 6300 | G103: 20 | H103: 30 | I103: =D103*H103 -> 4200
A104: PLT02 | B104: Fourniture et Pose Plafond rampant BA 13 sur rail | C104: M2 | D104: ='SAISIE TECHNIQUE'!D6 -> 140 | E104: 50 | F104: =D104*E104 -> 7000 | G104: 20 | H104: 35 | I104: =D104*H104 -> 4900
A105: PLT03 | B105: Fourniture et Pose Doublage des murs en plaques de ba13 vissés sur ossature metallique | C105: M2 | D105: ='SAISIE TECHNIQUE'!D2 -> 266.5 | E105: 42 | F105: =D105*E105 -> 11193 | G105: 20 | H105: 25 | I105: =D105*H105 -> 6662.5
A106: PLT04 | B106: Mise en place d'un coffrage en ba13 | C106: U | E106: 200 | F106: =D106*E106 -> 0 | G106: 20 | H106: 150 | I106: =D106*H106 -> 0
A107: PLT05 | B107: Fourniture et Pose Cloison placostyl de 72 mm (2 BA 13) | C107: M2 | D107: ='SAISIE TECHNIQUE'!D3 -> 27.5 | E107: 48 | F107: =D107*E107 -> 1320 | G107: 20 | H107: 29 | I107: =D107*H107 -> 797.5
...

Sheet Devis Ventes
L8: garder | P8: A VERIFIER
A9: Ligne | B9: Désignation | C9: unité | D9: Qté | E9: Pu ht | F9: Total HT | L9: sup | P9: VEGETALISATION
A10: 1 | B10: Etude de Faisabilité Et Postes a Provisionner | F10: =SUM(F11:F22) -> 5300 | P10: FONDATIONS
A11: ETU01 | B11: Avant Projet Sommaire | C11: U | D11: 1 | E11: =' DEVIS ACHAT 2 (2)'!E11 -> 4500 | F11: =' DEVIS ACHAT 2 (2)'!F11 -> 4500 | P11: CREPIS TALOCHE
A12: ETU02 | B12: Etude Thermique | C12: U | D12: 1 | E12: =' DEVIS ACHAT 2 (2)'!E12 -> 300 | F12: =' DEVIS ACHAT 2 (2)'!F12 -> 600 | P12: SECHE SERVIETTE
A13: ETU03 | B13: Etude Structure | C13: U | D13: 1 | E13: =' DEVIS ACHAT 2 (2)'!E13 -> 200 | F13: =' DEVIS ACHAT 2 (2)'!F13 -> 200 | P13: MENUISERIES EXTERIEURES
A14: ETU04 | B14: Etude De Sol | C14: U | D14: 1 | E14: =' DEVIS ACHAT 2 (2)'!E14 -> 0 | F14: =' DEVIS ACHAT 2 (2)'!F14 -> 0
A15: ETU05 | B15: Etude de Parcelle Géomètre | C15: U | D15: 1 | E15: =' DEVIS ACHAT 2 (2)'!E15 -> 0 | F15: =' DEVIS ACHAT 2 (2)'!F15 -> 0
A16: ETU06 | B16: Attestation B.bio | C16: U | D16: 1 | E16: =' DEVIS ACHAT 2 (2)'!E16 -> 0 | F16: =' DEVIS ACHAT 2 (2)'!F16 -> 0
A17: ETU07 | B17: Dossier Permis de Construire | C17: U | D17: 1 | E17: =' DEVIS ACHAT 2 (2)'!E17 -> 0 | F17: =' DEVIS ACHAT 2 (2)'!F17 -> 0
A18: ETU08 | B18: Assurances Dommage-ouvrage | C18: U | D18: 1 | E18: =' DEVIS ACHAT 2 (2)'!E18 -> 0 | F18: =' DEVIS ACHAT 2 (2)'!F18 -> 0
A19: ETU09 | B19: ENEDIS Raccordement et Mise en place Compteur definitif | C19: U | D19: 1 | E19: =' DEVIS ACHAT 2 (2)'!E19 -> 0 | F19: =' DEVIS ACHAT 2 (2)'!F19 -> 0
A20: ETU10 | B20: Compagnie des Eaux pose du compteur en limite de propriété | C20: U | D20: 1 | E20: =' DEVIS ACHAT 2 (2)'!E20 -> 0 | F20: =' DEVIS ACHAT 2 (2)'!F20 -> 0
A21: ETU11 | B21: Orange Raccordement de la Fibre | C21: U | D21: 1 | E21: =' DEVIS ACHAT 2 (2)'!E21 -> 0 | F21: =' DEVIS ACHAT 2 (2)'!F21 -> 0
A22: ETU12 | B22: Consuel pour validation de l'installation electrique | C22: U | D22: 1 | E22: =' DEVIS ACHAT 2 (2)'!E22 -> 0 | F22: =' DEVIS ACHAT 2 (2)'!F22 -> 0
A23: 2 | B23: Necessite Primaire De Mise En Place du Chantier | F23: =SUM(F24:F29) -> 2230
A24: MEP01 | B24: Installation De Chantier | C24: U | D24: 3 | E24: =' DEVIS ACHAT 2 (2)'!E24 -> 500 | F24: =' DEVIS ACHAT 2 (2)'!F24 -> 1500
A25: MEP02 | B25: Clôture De Chantier | C25: ML | D25: 1 | E25: =' DEVIS ACHAT 2 (2)'!E25 -> 200 | F25: =' DEVIS ACHAT 2 (2)'!F25 -> 200
A26: MEP03 | B26: Sanitaire De Chantier | C26: U | D26: 1 | E26: =' DEVIS ACHAT 2 (2)'!E26 -> 0 | F26: =' DEVIS ACHAT 2 (2)'!F26 -> 0
A27: MEP04 | B27: Coffret Et Compteur De Chantier | C27: U | D27: 1 | E27: =' DEVIS ACHAT 2 (2)'!E27 -> 0 | F27: =' DEVIS ACHAT 2 (2)'!F27 -> 0
A28: MEP05 | B28: Pose Et Dépose D'un Echaffaudage Sécurisé | C28: M2 | D28: ='SAISIE TECHNIQUE'!D14 -> 2.5 | E28: =' DEVIS ACHAT 2 (2)'!E28 -> 12 | F28: =' DEVIS ACHAT 2 (2)'!F28 -> 30
A29: MEP06 | B29: Nettoyage De Chantier Interieur Et Exterieur Aux Abords De La Construction | C29: U | D29: 1 | E29: =' DEVIS ACHAT 2 (2)'!E29 -> 500 | F29: =' DEVIS ACHAT 2 (2)'!F29 -> 500
A30: 3 | B30: Voirie Et Réseaux Divers | F30: =SUM(F31:F38) -> 6625
A31: VRD01 | B31: Fourniture et pose Gaine pour électricité | C31: ML | D31: ='SAISIE TECHNIQUE'!B6 -> 20 | E31: =' DEVIS ACHAT 2 (2)'!E31 -> 0 | F31: =' DEVIS ACHAT 2 (2)'!F31 -> 0
A32: VRD02 | B32: Fourniture et pose Gaine pour arrivée generale d'eau pe 25 | C32: ML | D32: ='SAISIE TECHNIQUE'!B29 -> 20 | E32: =' DEVIS ACHAT 2 (2)'!E32 -> 60 | F32: =' DEVIS ACHAT 2 (2)'!F32 -> 1200
A33: VRD03 | B33: Fourniture et pose Regard pied de chute EP en béton 400*400 avec tampon | C33: U | D33: 2 | E33: =' DEVIS ACHAT 2 (2)'!E33 -> 0 | F33: =' DEVIS ACHAT 2 (2)'!F33 -> 0
A34: VRD04 | B34: Fourniture et pose boite de Branchement canalisations eaux usées, vannes et pluviales sur regard existant | C34: U | D34: 2 | E34: =' DEVIS ACHAT 2 (2)'!E34 -> 150 | F34: =' DEVIS ACHAT 2 (2)'!F34 -> 300
A35: VRD05 | B35: Fourniture et pose d'une évacuation EU de type assainissement en partie enterré | C35: ML | D35: ='SAISIE TECHNIQUE'!B6 -> 20 | E35: =' DEVIS ACHAT 2 (2)'!E35 -> 120 | F35: =' DEVIS ACHAT 2 (2)'!F35 -> 2400
A36: VRD06 | B36: Fourniture et pose d'une descente EP en zinc | C36: ML | D36: ='SAISIE TECHNIQUE'!B1 -> 6.5 | E36: =' DEVIS ACHAT 2 (2)'!E36 -> 110 | F36: =' DEVIS ACHAT 2 (2)'!F36 -> 715
A37: VRD07 | B37: Fourniture et pose d'une gouttiere en zinc | C37: ML | D37: ='SAISIE TECHNIQUE'!B2 -> 16 | E37: =' DEVIS ACHAT 2 (2)'!E37 -> 110 | F37: =' DEVIS ACHAT 2 (2)'!F37 -> 1760
A38: VRD08 | B38: Fourniture et pose d'une boite a eau sur toit terasse | C38: U | D38: 1 | E38: =' DEVIS ACHAT 2 (2)'!E38 -> 250 | F38: =' DEVIS ACHAT 2 (2)'!F38 -> 250
A39: 4 | B39: Terrasement | F39: =SUM(F40:F47) -> 8788.6
A40: TRS01 | B40: Implantation avant terrassement | C40: U | D40: 1 | E40: =' DEVIS ACHAT 2 (2)'!E40 -> 550 | F40: =' DEVIS ACHAT 2 (2)'!F40 -> 550
A41: TRS02 | B41: Décapage de la terre végétale pour création de la plateforme | C41: M3 | D41: =TERASSEMENT!H2 -> 75.6 | E41: =' DEVIS ACHAT 2 (2)'!E41 -> 45 | F41: =' DEVIS ACHAT 2 (2)'!F41 -> 3402
A42: TRS03 | B42: Terrassement pour plot beton permettant la réalisation d'une cloture | C42: M3 | E42: =' DEVIS ACHAT 2 (2)'!E42 -> 0 | F42: =' DEVIS ACHAT 2 (2)'!F42 -> 0
A43: TRS04 | B43: Réalisation d'une tranchée à l'engin mecanique prof hors gel pour Evacuation EU EP et arrivées Eau | C43: M3 | D43: ='SAISIE TECHNIQUE'!B6 -> 20 | E43: =' DEVIS ACHAT 2 (2)'!E43 -> 45 | F43: =' DEVIS ACHAT 2 (2)'!F43 -> 900
A44: TRS05 | B44: Réalisation d'une tranchée pour réseaux secs(Fibre,ptt,electricité) | C44: M3 | D44: ='SAISIE TECHNIQUE'!B6 -> 20 | E44: =' DEVIS ACHAT 2 (2)'!E44 -> 45 | F44: =' DEVIS ACHAT 2 (2)'!F44 -> 900
A45: TRS06 | B45: Réalisation d'une tranchée à l'engin mécanique pour fouilles des semelles filantes | C45: M3 | D45: ='SAISIE TECHNIQUE'!B4 -> 41 | E45: =' DEVIS ACHAT 2 (2)'!E45 -> 45 | F45: =' DEVIS ACHAT 2 (2)'!F45 -> 1845
A46: TRS07 | B46: Réalisation Fouilles en tranchées à l'engin mécanique largeur 0,40 m, profondeur 0,60 m pour réalisation évacuation EU | C46: M3 | D46: ='SAISIE TECHNIQUE'!B6 -> 20 | E46: =' DEVIS ACHAT 2 (2)'!E46 -> 45 | F46: =' DEVIS ACHAT 2 (2)'!F46 -> 900
A47: TRS08 | B47: Réalisation Fouilles en tranchées à l'engin mécanique largeur 0,40 m, profondeur 0,60 m pour réalisation évacuation EP | C47: M3 | D47: =TERASSEMENT!H5 -> 6.48 | E47: =' DEVIS ACHAT 2 (2)'!E47 -> 45 | F47: =' DEVIS ACHAT 2 (2)'!F47 -> 291.6
A48: 5 | B48: FONDATIONS | F48: =SUM(F49:F59) -> 8500
A49: FDN01 | B49: Fourniture et Pose Massif de fondation pour poteaux | C49: M3 | E49: =' DEVIS ACHAT 2 (2)'!E49 -> 0 | F49: =' DEVIS ACHAT 2 (2)'!F49 -> 0
A50: FDN02 | B50: Fourniture et Pose Semelles de fondation filantes | C50: M3 | D50: 0 | E50: =' DEVIS ACHAT 2 (2)'!E50 -> 66.2 | F50: =' DEVIS ACHAT 2 (2)'!F50 -> 0
A51: FDN03 | B51: Mise en place de pieux pour fondations | C51: U | E51: =' DEVIS ACHAT 2 (2)'!E51 -> 0 | F51: =' DEVIS ACHAT 2 (2)'!F51 -> 8500
A52: FDN04 | B52: Réalisation Chaînage horizontal sur murs de soubassement (compris coffrages et aciers) | C52: ML | E52: =' DEVIS ACHAT 2 (2)'!E52 -> 0 | F52: =' DEVIS ACHAT 2 (2)'!F52 -> 0
A53: FDN05 | B53: Réalisation Dallage de sous sol et terre plein epaisseur 10 cms | C53: M3 | E53: =' DEVIS ACHAT 2 (2)'!E53 -> 0 | F53: =' DEVIS ACHAT 2 (2)'!F53 -> 0
A54: FDN06 | B54: Réalisation Radier de 20 cm | C54: M3 | E54: =' DEVIS ACHAT 2 (2)'!E54 -> 0 | F54: =' DEVIS ACHAT 2 (2)'!F54 -> 0
A55: FDN07 | B55: Réalisation Béton de propreté (ep=5 cm) | C55: M3 | E55: =' DEVIS ACHAT 2 (2)'!E55 -> 0 | F55: =' DEVIS ACHAT 2 (2)'!F55 -> 0
A56: FDN08 | B56: Fourniture et pose d'un plancher poutrelle hourdis polystirene rup à | C56: M2 | E56: =' DEVIS ACHAT 2 (2)'!E56 -> 0 | F56: =' DEVIS ACHAT 2 (2)'!F56 -> 0
A57: FDN09 | B57: Realisation d'une dalle beton sur hourdis polystirene ep 5 cm | C57: M3 | D57: 0 | E57: =' DEVIS ACHAT 2 (2)'!E57 -> 34.478571 | F57: =' DEVIS ACHAT 2 (2)'!F57 -> 0
A58: FDN10 | B58: Fourniture et pose Enduit d'imperméabilisation pour partie enterrée | C58: M2 | E58: =' DEVIS ACHAT 2 (2)'!E58 -> 35 | F58: =' DEVIS ACHAT 2 (2)'!F58 -> 0
A59: FDN11 | B59: Fourniture et Pose d'un drain peripherique avec son feutre geotextile pour évacuation des eaux de ruisselement | C59: Ml | D59: ='SAISIE TECHNIQUE'!B4 -> 41 | E59: =' DEVIS ACHAT 2 (2)'!E59 -> 0 | F59: =' DEVIS ACHAT 2 (2)'!F59 -> 0
A60: 6 | B60: Maçonnerie | F60: =SUM(F61:F64) -> 0
A61: MCR01 | B61: Mur en béton banché de 20 cms incluant le coulage d'un beton fluide autoplacant | C61: M2 | D61: 0 | E61: =' DEVIS ACHAT 2 (2)'!E61 -> 109.5 | F61: =' DEVIS ACHAT 2 (2)'!F61 -> 0
A62: MCR02 | B62: Seuil en béton lissé devant porte d'entrée, de garage et de service | C62: U | E62: =' DEVIS ACHAT 2 (2)'!E62 -> 0 | F62: =' DEVIS ACHAT 2 (2)'!F62 -> 0
A63: MCR03 | B63: Chaînage horizontal sur murs de soubassement (compris coffrages et aciers) | C63: ML | E63: =' DEVIS ACHAT 2 (2)'!E63 -> 0 | F63: =' DEVIS ACHAT 2 (2)'!F63 -> 0
A64: MCR04 | B64: Marche escalier droite béton largeur 90 cm | C64: U | E64: =' DEVIS ACHAT 2 (2)'!E64 -> 0 | F64: =' DEVIS ACHAT 2 (2)'!F64 -> 0
A65: 7 | B65: STRUCTURE BOIS | F65: =SUM(F66:F70) -> 70612.5
A66: STR01 | B66: MURS :Complexe de murs inclunat la structure de murs montant 45*145 ,un isolant en laine de roche ep 145 mm r sup a un pare vapeur sd sup à 90 un tasseau de 22mm , un écran pare pluie agraffé, un panneau de contreventement ep 12mm | C66: M2 | D66: ='SAISIE TECHNIQUE'!D1 -> 266.5 | E66: =' DEVIS ACHAT 2 (2)'!E66 -> 125 | F66: =' DEVIS ACHAT 2 (2)'!F66 -> 33312.5
A67: STR02 | B67: PLANCHER INTERMEDIARE : un solivage bois AVEC QUEUE D ARRONDE OU SABOTS METALLIQUES POSE SUR MURAILLIERES incluant son isolant phonique en laine de roche | C67: M2 | D67: ='SAISIE TECHNIQUE'!D10 -> 70 | E67: =' DEVIS ACHAT 2 (2)'!E67 -> 90 | F67: =' DEVIS ACHAT 2 (2)'!F67 -> 6300
A68: STR03 | B68: TOIT TERASSE : un solivage bois par caisson de toiture incluant sa dalle OSB 18 MM un pare vapeur sd un isolant steico 180mm entre solives +100mm laine de bois sur menbranne EPDM POUR UN R TOTAL DE | C68: M2 | D68: ='SAISIE TECHNIQUE'!D11 -> 70 | E68: =' DEVIS ACHAT 2 (2)'!E68 -> 120 | F68: =' DEVIS ACHAT 2 (2)'!F68 -> 8400
A69: STR04 | B69: Pose par Equipe qualifiée de l'ensemble de la structure Bois | E69: =' DEVIS ACHAT 2 (2)'!E69 -> 0 | F69: =' DEVIS ACHAT 2 (2)'!F69 -> 10000
A70: STR05 | B70: Une dalle bois par caisson isolé incluant son pare vapeur ep 240mm ,isolant steico laine de bois r sup a | C70: 70 | D70: ='SAISIE TECHNIQUE'!D9 -> 70 | E70: =' DEVIS ACHAT 2 (2)'!E70 -> 180 | F70: =' DEVIS ACHAT 2 (2)'!F70 -> 12600
A71: 8 | B71: PAREMENTS EXTERIEURS | F71: =SUM(F72:F73) -> 0
A72: PME01 | B72: Fourniture et pose d'un bardage a griser de type douglas | C72: M2 | E72: =' DEVIS ACHAT 2 (2)'!E72 -> 90 | F72: =' DEVIS ACHAT 2 (2)'!F72 -> 0
A73: PME02 | B73: Réalisation d'un crepis taloché sur support d'enduit de type laine de roche | C73: M2 | E73: =' DEVIS ACHAT 2 (2)'!E73 -> 90 | F73: =' DEVIS ACHAT 2 (2)'!F73 -> 0
A74: 9 | B74: Menuiseries Interieures | F74: =SUM(F75:F80) -> 690
A75: MEI01 | B75: Fourniture et pose Escalier droit volée compléte avec marches et contremarches | C75: U | E75: =' DEVIS ACHAT 2 (2)'!E75 -> 0 | F75: =' DEVIS ACHAT 2 (2)'!F75 -> 0
A76: MEI02 | B76: Fourniture et pose Escalier 1/4 tournant volée complète avec marches et contremarches | C76: U | E76: =' DEVIS ACHAT 2 (2)'!E76 -> 0 | F76: =' DEVIS ACHAT 2 (2)'!F76 -> 0
A77: MEI03 | B77: Pose Bloc porte bois, porte postformée prépeinte de 63*204 | C77: U | D77: 1 | E77: =' DEVIS ACHAT 2 (2)'!E77 -> 230 | F77: =' DEVIS ACHAT 2 (2)'!F77 -> 230
A78: MEI04 | B78: Pose Bloc porte bois, porte postformée prépeinte de 73*204 | C78: U | D78: 1 | E78: =' DEVIS ACHAT 2 (2)'!E78 -> 230 | F78: =' DEVIS ACHAT 2 (2)'!F78 -> 230
A79: MEI05 | B79: Pose Bloc porte bois, porte postformée prépeinte de 73*204 | C79: U | D79: 1 | E79: =' DEVIS ACHAT 2 (2)'!E79 -> 230 | F79: =' DEVIS ACHAT 2 (2)'!F79 -> 230
A80: MEI06 | B80: Pose Porte a galandage | C80: U | E80: =' DEVIS ACHAT 2 (2)'!E80 -> 0 | F80: =' DEVIS ACHAT 2 (2)'!F80 -> 0
A81: 10 | B81: Electricité | F81: =SUM(F82:F101) -> 5010
A82: ELEC01 | B82: Fourniture & pose d'un interrupteur Celiane | C82: U | D82: ='SAISIE CLIENT ELEC'!D27 -> 3 | E82: =' DEVIS ACHAT 2 (2)'!E82 -> 90 | F82: =' DEVIS ACHAT 2 (2)'!F82 -> 270
A83: ELEC02 | B83: Fourniture et pose d'un va et vient Celiane | C83: U | D83: ='SAISIE CLIENT ELEC'!E27 -> 2 | E83: =' DEVIS ACHAT 2 (2)'!E83 -> 90 | F83: =' DEVIS ACHAT 2 (2)'!F83 -> 180
A84: ELEC03 | B84: Fourniture & Pose d'un Bouton poussoire Celiane | C84: U | D84: ='SAISIE CLIENT ELEC'!B27 -> 3 | E84: =' DEVIS ACHAT 2 (2)'!E84 -> 90 | F84: =' DEVIS ACHAT 2 (2)'!F84 -> 270
A85: ELEC04 | B85: Fourniture et pose d'une prise de courant Celiane | C85: U | D85: ='SAISIE CLIENT ELEC'!G27 -> 9 | E85: =' DEVIS ACHAT 2 (2)'!E85 -> 90 | F85: =' DEVIS ACHAT 2 (2)'!F85 -> 810
A86: ELEC05 | B86: Fourniture et pose d'un point lumineux en applique exterieure | C86: U | D86: ='SAISIE CLIENT ELEC'!O25 -> 0 | E86: =' DEVIS ACHAT 2 (2)'!E86 -> 90 | F86: =' DEVIS ACHAT 2 (2)'!F86 -> 0
A87: ELEC06 | B87: Fourniture & Pose d'un variateur Celiane | C87: U | D87: ='SAISIE CLIENT ELEC'!M27 -> 4 | E87: =' DEVIS ACHAT 2 (2)'!E87 -> 140 | F87: =' DEVIS ACHAT 2 (2)'!F87 -> 560
A88: ELEC07 | B88: Fourniture & Pose d'une prise R45J Celiane | C88: U | D88: ='SAISIE CLIENT ELEC'!I27 -> 5 | E88: =' DEVIS ACHAT 2 (2)'!E88 -> 110 | F88: =' DEVIS ACHAT 2 (2)'!F88 -> 550
A89: ELEC08 | B89: Fourniture & Pose d'une Prise usb Celiane | C89: U | D89: ='SAISIE CLIENT ELEC'!L27 -> 4 | E89: =' DEVIS ACHAT 2 (2)'!E89 -> 110 | F89: =' DEVIS ACHAT 2 (2)'!F89 -> 440
A90: ELEC09 | B90: Branchement Volet Roulant Celiane | C90: U | D90: ='SAISIE CLIENT ELEC'!C27 -> 8 | E90: =' DEVIS ACHAT 2 (2)'!E90 -> 110 | F90: =' DEVIS ACHAT 2 (2)'!F90 -> 880
A91: ELEC10 | B91: Fourniture et pose d'une prise commandée | C91: U | D91: ='SAISIE CLIENT ELEC'!N27 -> 5 | E91: =' DEVIS ACHAT 2 (2)'!E91 -> 110 | F91: =' DEVIS ACHAT 2 (2)'!F91 -> 550
A92: ELEC11 | B92: Fourniture et pose d'un thermostat | C92: U | D92: ='SAISIE CLIENT ELEC'!K27 -> 2 | E92: =' DEVIS ACHAT 2 (2)'!E92 -> 140 | F92: =' DEVIS ACHAT 2 (2)'!F92 -> 280
A93: ELEC12 | B93: Fourniture et pose Radiateur séche serviettes 1500 W | C93: U | E93: =' DEVIS ACHAT 2 (2)'!E93 -> 0 | F93: =' DEVIS ACHAT 2 (2)'!F93 -> 0
A94: ELEC13 | B94: Fourniture et pose d'un spot encastré pour pieces humides SDB PARENTS | C94: U | E94: =' DEVIS ACHAT 2 (2)'!E94 -> 120 | F94: =' DEVIS ACHAT 2 (2)'!F94 -> 0
A95: ELEC14 | B95: Fourniture et Pose de spots encastrés incluant son interrupteur | E95: =' DEVIS ACHAT 2 (2)'!E95 -> 0 | F95: =' DEVIS ACHAT 2 (2)'!F95 -> 0
A96: ELEC15 | B96: Alimentation plaque de cuisson | C96: U | D96: 1 | E96: =' DEVIS ACHAT 2 (2)'!E96 -> 110 | F96: =' DEVIS ACHAT 2 (2)'!F96 -> 110
A97: ELEC16 | B97: Alimentation VMC | C97: U | D97: 1 | E97: =' DEVIS ACHAT 2 (2)'!E97 -> 110 | F97: =' DEVIS ACHAT 2 (2)'!F97 -> 110
A98: ELEC17 | B98: Fourniture et pose d'un tableau suivant dimensionnement incluant les interrupteurs differentiels raccordés ainsi que son dijoncteur generale | C98: U | D98: 1 | E98: =' DEVIS ACHAT 2 (2)'!E98 -> 0 | F98: =' DEVIS ACHAT 2 (2)'!F98 -> 0
A99: ELEC18 | B99: Fourniture et pose d'un coffret DTI pour gestion des prises RJ 45 | C99: U | D99: 1 | E99: =' DEVIS ACHAT 2 (2)'!E99 -> 0 | F99: =' DEVIS ACHAT 2 (2)'!F99 -> 0
A100: ELEC19 | B100: Fourniture et Pose d'un Parafoudre | E100: =' DEVIS ACHAT 2 (2)'!E100 -> 0 | F100: =' DEVIS ACHAT 2 (2)'!F100 -> 0
A101: ELEC20 | B101: Mise en Place de liaisons équiponentielles | E101: =' DEVIS ACHAT 2 (2)'!E101 -> 0 | F101: =' DEVIS ACHAT 2 (2)'!F101 -> 0
A102: 11 | B102: PLATERIE | F102: =SUM(F103:F109) -> 25813
A103: PLT01 | B103: Fourniture et Pose Plafond horizontal BA 13 sur rail | C103: M2 | D103: ='SAISIE TECHNIQUE'!D6 -> 140 | E103: =' DEVIS ACHAT 2 (2)'!E103 -> 45 | F103: =' DEVIS ACHAT 2 (2)'!F103 -> 6300
A104: PLT02 | B104: Fourniture et Pose Plafond rampant BA 13 sur rail | C104: M2 | D104: ='SAISIE TECHNIQUE'!D6 -> 140 | E104: =' DEVIS ACHAT 2 (2)'!E104 -> 50 | F104: =' DEVIS ACHAT 2 (2)'!F104 -> 7000
A105: PLT03 | B105: Fourniture et Pose Doublage des murs en plaques de ba13 vissés sur ossature metallique | C105: M2 | D105: ='SAISIE TECHNIQUE'!D2 -> 266.5 | E105: =' DEVIS ACHAT 2 (2)'!E105 -> 42 | F105: =' DEVIS ACHAT 2 (2)'!F105 -> 11193
A106: PLT04 | B106: Mise en place d'un coffrage en ba13 | C106: U | E106: =' DEVIS ACHAT 2 (2)'!E106 -> 200 | F106: =' DEVIS ACHAT 2 (2)'!F106 -> 0
A107: PLT05 | B107: Fourniture et Pose Cloison placostyl de 72 mm (2 BA 13) | C107: M2 | D107: ='SAISIE TECHNIQUE'!D3 -> 27.5 | E107: =' DEVIS ACHAT 2 (2)'!E107 -> 48 | F107: =' DEVIS ACHAT 2 (2)'!F107 -> 1320
...

Sheet SUIVI ACOMPTE
A1: DEVIS DEPART | C1: Date
A2: TS 1
A3: TS 2
A4: TOTAL | B4: =B1+B2 -> 0
B5: SUIVI REGLEMENTS | D5: C | F5: date
A6: DATE | B6: NATURE | C6: MONTANT TTC | E6: =D6*1.2 -> 0
E7: =D7*1.2 -> 0
E8: =D8*1.2 -> 0
E9: =D9*1.2 -> 0
E10: =D10*1.2 -> 0
E11: =D11*1.2 -> 0
D12: TOTAL TTC | E12: =SUM(E6:E11) -> 0
B21: TOTAL VERSE | C21: =SUM(C7:C20) -> 0
B22: c provisionné | C22: =E12 -> 0
B23: TOTAL VERSE | C23: =C21+C22 -> 0
A24: SOLDE | C24: =B4-C23 -> 0

Sheet FENETRES
A1: CODE | B1: DESIGNATION | C1: pv | D1: PU | E1: REPERE | F1: PIECES | G1: designation | H1: pv | I1: PA | J1: QTE | K1: TOTAL HT | L1: POSE | M1: TOTAL HT | N1: TTC
B2: FENETRES OF DOUBLES VITRAGE | E2: A | F2: SEJOUR | J2: 1 | K2: =H2*J2 -> 0 | M2: =K2+L2 -> 0
B3: 1 Vantail OF dim dvitrage | C3: =D3*1.3+200 -> 460 | D3: 200 | E3: B | F3: ENTREE | J3: 1 | K3: =H3*J3 -> 0 | M3: =K3+L3 -> 0
B4: 2 Vantaux OF dim dvitrage | C4: =D4*1.3+200 -> 460 | D4: 200 | E4: C | F4: ESCALIER | J4: 1 | K4: =H4*J4 -> 0 | M4: =K4+L4 -> 0
B5: PORTES FENTRES 1 VANTA | C5: =D5*1.3+200 -> 200 | E5: D | F5: SALON | J5: 1 | K5: =H5*J5 -> 0 | M5: =K5+L5 -> 0
B6: PORTES FENTRES 2 VANTAUX | C6: =D6*1.3+200 -> 200 | E6: E | F6: FACADE ARRIERE | J6: 1 | K6: =H6*J6 -> 0 | M6: =K6+L6 -> 0
B7: FENETRES OF PHONIQUE | E7: F | F7: SDB | J7: 1 | K7: =H7*J7 -> 0 | M7: =K7+L7 -> 0
B8: 1 Vantail OF phonique | C8: =D8*1.3+200 -> 356 | D8: 120 | E8: G | F8: WC | J8: 1 | K8: =H8*J8 -> 0 | M8: =K8+L8 -> 0
B9: 2 VANTAUX OF phonique | C9: =D9*1.3+200 -> 1175 | D9: 750 | E9: H | F9: CH1 | J9: 1 | K9: =H9*J9 -> 0 | M9: =K9+L9 -> 0
B10: PF 1 Vantail OF phonique | C10: =D10*1.3+200 -> 200 | E10: I | F10: CH2 | J10: 1 | K10: =H10*J10 -> 0 | M10: =K10+L10 -> 0
B11: PF 2 vantaux OF phonique | C11: =D11*1.3+200 -> 200 | E11: J | F11: CH 3 | J11: 1 | K11: =H11*J11 -> 0 | M11: =K11+L11 -> 0
B12: FENETRE OF+VR | E12: K | F12: CH 4 | J12: 1 | K12: =H12*J12 -> 0 | M12: =K12+L12 -> 0
B13: 1 VANTAIL | C13: =D13*1.3+200 -> 200 | E13: L | F13: SDB 2 | J13: 1 | K13: =H13*J13 -> 0 | M13: =K13+L13 -> 0
B14: 2 VANTAUX | C14: =D14*1.3+200 -> 200 | E14: M | F14: WC2 | J14: 1 | K14: =H14*J14 -> 0 | M14: =K14+L14 -> 0
B15: PORTES FENTRES 1 VANTAIL | C15: =D15*1.3+200 -> 200 | E15: N | F15: CUISINE | J15: 1 | K15: =H15*J15 -> 0 | M15: =K15+L15 -> 0
B16: PORTES FENTRES 2 VANTAUX | C16: =D16*1.3+200 -> 200 | J16: 1 | K16: =H16*J16 -> 0 | M16: =K16+L16 -> 0
B17: FENETRES VITRAGE SECURIT SP10 | J17: 1 | K17: =H17*J17 -> 0 | M17: =K17+L17 -> 0
B18: 1 VANTAIL | C18: =D18*1.3+200 -> 200 | J18: 1 | K18: =H18*J18 -> 0 | M18: =K18+L18 -> 0
B19: 2 VANTAUX | C19: =D19*1.3+200 -> 200 | J19: =SUM(J2:J18) -> 17 | M19: =SUM(M2:M18) -> 0 | N19: =M19*1.2 -> 0
B20: PORTES FENTRES 1 VANTAIL | C20: =D20*1.3+200 -> 200
B21: PORTES FENTRES 2 VANTAUX | C21: =D21*1.3+200 -> 200
B22: BAIES COULISSANTE
B23: BAIES COULISSANTE DIM | C23: =D23*1.3+200 -> 850 | D23: 500
B24: BAIES COULISSANTE DIM | C24: =D24*1.3+200 -> 200
B25: BAIES COULISSANTE DIM+VR | C25: =D25*1.3+200 -> 200
B26: BAIES COULISSANTE DIM+VR | C26: =D26*1.3+200 -> 200
B27: BAIE COULISSANTE DIM SECURIT | C27: =D27*1.3+200 -> 200
B28: BAIE COULISSANTE DIM SECURIT | C28: =D28*1.3+200 -> 200

Sheet EPAISSEUR MURS
A1: OBJET | B1: EP MURS | C1: EP ISO | D1: LAMDA | E1: R | G1: DALLE | H1: EP | I1: LAMBA | J1: R
A2: OPTION BARDAGE | G2: ISO LDB | H2: 0.24 | I2: 0.038 | J2: =+H2/I2 -> 6.3157895
A3: BARDAGE | B3: 0.022
A4: TASSEAUX | B4: 0.04
A5: MURS | B5: 14.5
A6: LDB | C6: 0.145 | D6: 0.038 | E6: =C6/D6 -> 3.8157895
A7: OSSATURE SECONDAIRE | G7: TOIT | H7: EP | I7: LAMDA | J7: R
A8: SURISOLATION INTER LDR | B8: 0.12 | C8: 0.14 | D8: 0.036 | E8: =C8/D8 -> 3.8888889 | G8: ISO LDB INT | H8: 0.18 | I8: 0.038 | J8: =H8/I8 -> 4.7368421
A9: SURISOLATION INTER LDB | D9: 0.038 | E9: =C9/D9 -> 0 | G9: ISO LDB EXT | H9: 0.12 | I9: 0.038 | J9: =H9/I9 -> 3.1578947
A10: BA13 | B10: 0.013
A11: TOTAL | B11: =SUM(B3:B10) -> 14.695 | E11: =SUM(E6:E10) -> 7.7046784
A13: OPTION CREPIS | G13: TOTAL | J13: =J8+J9 -> 7.8947368
A14: SURISOLATION EXT SUP END | B14: 0.4 | G14: GRAVILLONS | H14: EP | I14: SURFACE | J14: VOLUME
A15: MURS | B15: 14.5 | H15: 0.03 | I15: 70 | J15: =H15*I15 -> 2.1
A16: ISO LDB | D16: =0.038 -> 0.038 | E16: =C16/D16 -> 0 | G16: sacs 25
A17: OSSATURE SEC | G17: NBRE DE SACS POUR 1T | H17: =1000/25 -> 40
A18: SURISOLATION INT ldb | D18: 0.038 | E18: =C18/D18 -> 0
A19: BA13 | B19: 0.13
A20: TOTAL | B20: =SUM(B14:B19) -> 15.03 | E20: =E16+E18 -> 0

Sheet BUDGET
A1: OBJET | B1: VENTE HT | C1: VENTE TTC | D1: ACHAT HT | E1: ACHAT TTC | F1: MARGE HT | G1: MARGE TTC
A2: Etude de Faisabilité Et Postes a Provisionner | B2: ='Devis Ventes'!F10 -> 5300 | C2: =B2*1.2 -> 6360 | D2: ='Devis Ventes'!H10 -> 0 | E2: =D2*1.2 -> 0 | F2: =B2-D2 -> 5300 | G2: =F2*1.2 -> 6360
A3: Necessite Primaire De Mise En Place du Chantier | B3: ='Devis Ventes'!F23 -> 2230 | C3: =B3*1.2 -> 2676 | D3: ='Devis Ventes'!H23 -> 0 | E3: =D3*1.2 -> 0 | F3: =B3-D3 -> 2230 | G3: =F3*1.2 -> 2676
A4: Voirie Et Réseaux Divers | B4: ='Devis Ventes'!F30 -> 6625 | C4: =B4*1.2 -> 7950 | D4: ='Devis Ventes'!H30 -> 0 | E4: =D4*1.2 -> 0 | F4: =B4-D4 -> 6625 | G4: =F4*1.2 -> 7950
A5: Terrasement | B5: =+'Devis Ventes'!F39 -> 8788.6 | C5: =B5*1.2 -> 10546.32 | D5: =+'Devis Ventes'!H39 -> 0 | E5: =D5*1.2 -> 0 | F5: =B5-D5 -> 8788.6 | G5: =F5*1.2 -> 10546.32
A6: FONDATIONS | B6: ='Devis Ventes'!F48 -> 8500 | C6: =B6*1.2 -> 10200 | D6: ='Devis Ventes'!H48 -> 0 | E6: =D6*1.2 -> 0 | F6: =B6-D6 -> 8500 | G6: =F6*1.2 -> 10200
A7: Maçonnerie | B7: ='Devis Ventes'!F60 -> 0 | D7: ='Devis Ventes'!H60 -> 0 | E7: =D7*1.2 -> 0 | F7: =B7-D7 -> 0 | G7: =F7*1.2 -> 0
A8: STRUCTURE BOIS | B8: =+'Devis Ventes'!F65 -> 70612.5 | C8: =B8*1.2 -> 84735 | D8: ='Devis Ventes'!H65 -> 0 | E8: =D8*1.2 -> 0 | F8: =B8-D8 -> 70612.5 | G8: =F8*1.2 -> 84735
A9: PAREMENTS EXTERIEURS | B9: ='Devis Ventes'!F71 -> 0 | C9: =B9*1.2 -> 0 | D9: ='Devis Ventes'!H71 -> 0 | E9: =D9*1.2 -> 0 | F9: =B9-D9 -> 0 | G9: =F9*1.2 -> 0
A10: Menuiseries Interieures | B10: ='Devis Ventes'!F74 -> 690 | C10: =B10*1.2 -> 828 | D10: ='Devis Ventes'!H74 -> 0 | E10: =D10*1.2 -> 0 | F10: =B10-D10 -> 690 | G10: =F10*1.2 -> 828
A11: Electricité | B11: ='Devis Ventes'!F81 -> 5010 | C11: =B11*1.2 -> 6012 | D11: ='Devis Ventes'!H81 -> 0 | E11: =D11*1.2 -> 0 | F11: =B11-D11 -> 5010 | G11: =F11*1.2 -> 6012
A12: PLATERIE | B12: ='Devis Ventes'!F102 -> 25813 | C12: =B12*1.2 -> 30975.6 | D12: ='Devis Ventes'!H102 -> 0 | E12: =D12*1.2 -> 0 | F12: =B12-D12 -> 25813 | G12: =F12*1.2 -> 30975.6
A13: Peintures Intérieures | B13: ='Devis Ventes'!F110 -> 13482 | C13: =B13*1.2 -> 16178.4 | D13: ='Devis Ventes'!H110 -> 0 | E13: =D13*1.2 -> 0 | F13: =B13-D13 -> 13482 | G13: =F13*1.2 -> 16178.4
A14: Sanitaire | B14: ='Devis Ventes'!F116 -> 4560 | C14: =B14*1.2 -> 5472 | D14: ='Devis Ventes'!H116 -> 0 | E14: =D14*1.2 -> 0 | F14: =B14-D14 -> 4560 | G14: =F14*1.2 -> 5472
A15: Revetement de sols | B15: ='Devis Ventes'!F127 -> 3850 | C15: =B15*1.2 -> 4620 | D15: ='Devis Ventes'!H127 -> 0 | E15: =D15*1.2 -> 0 | F15: =B15-D15 -> 3850 | G15: =F15*1.2 -> 4620
A16: Isolation | B16: ='Devis Ventes'!F137 -> 0 | C16: =B16*1.2 -> 0 | D16: ='Devis Ventes'!H137 -> 0 | E16: =D16*1.2 -> 0 | F16: =B16-D16 -> 0 | G16: =F16*1.2 -> 0
A17: Vegetalisations des toitures-terasses | B17: ='Devis Ventes'!F147 -> 0 | C17: =B17*1.2 -> 0 | D17: ='Devis Ventes'!H147 -> 0 | E17: =D17*1.2 -> 0 | F17: =B17-D17 -> 0 | G17: =F17*1.2 -> 0
A18: Etanchéité toit-terasse | B18: ='Devis Ventes'!F150 -> 13450 | C18: =B18*1.2 -> 16140 | D18: ='Devis Ventes'!H150 -> 0 | E18: =D18*1.2 -> 0 | F18: =B18-D18 -> 13450 | G18: =F18*1.2 -> 16140
A19: Couverture Toiture | B19: ='Devis Ventes'!F157 -> 0 | C19: =B19*1.2 -> 0 | D19: ='Devis Ventes'!H157 -> 0 | E19: =D19*1.2 -> 0 | F19: =B19-D19 -> 0 | G19: =F19*1.2 -> 0
A20: Systemes de chauffage | B20: ='Devis Ventes'!F159 -> 8500 | C20: =B20*1.2 -> 10200 | D20: ='Devis Ventes'!H159 -> 0 | E20: =D20*1.2 -> 0 | F20: =B20-D20 -> 8500 | G20: =F20*1.2 -> 10200
A21: Systèmes de ventilation | B21: ='Devis Ventes'!F166 -> 790 | C21: =B21*1.2 -> 948 | D21: ='Devis Ventes'!H166 -> 0 | E21: =D21*1.2 -> 0 | F21: =B21-D21 -> 790 | G21: =F21*1.2 -> 948
A22: Menuiserie Extérieur TYPE BOIS/ALU MC FRANCE | B22: ='Devis Ventes'!F171 -> 0 | C22: =B22*1.2 -> 0 | D22: ='Devis Ventes'!H171 -> 0 | E22: =D22*1.2 -> 0 | F22: =B22-D22 -> 0 | G22: =F22*1.2 -> 0
A23: Transport et Grutage | B23: ='Devis Ventes'!F168 -> 4400 | C23: =B23*1.2 -> 5280 | D23: ='Devis Ventes'!H168 -> 0 | E23: =D23*1.2 -> 0 | F23: =B23-D23 -> 4400 | G23: =F23*1.2 -> 5280
A24: TOTAL | B24: =SUM(B2:B23) -> 182601.1 | C24: =SUM(C2:C23) -> 219121.32 | D24: =SUM(D2:D23) -> 0 | E24: =SUM(E2:E23) -> 0 | F24: =SUM(F2:F23) -> 182601.1 | G24: =F24*1.2 -> 219121.32
A25: REMISE | B25: ='Devis Ventes'!F174 -> 0 | F25: =B25 -> 0 | G25: =F25*1.2 -> 0
A26: MOTANT TOTAL | B26: =B24-B25 -> 182601.1 | C26: =B26*1.2 -> 219121.32 | F26: =F24-F25 -> 182601.1 | G26: =G24-G25 -> 219121.32

Sheet SAISIE TECHNIQUE
A1: HTR BATIMENTS | B1: 6.5 | C1: SURF MURS BOIS | D1: =B1*B4 -> 266.5 | E1: A RENSEIGNER | F1: 1 | G1: HTR BATIMENTS
A2: LONG BATIMENT | B2: 16 | C2: SURFACE DOUBLAGE | D2: =B4*B8 -> 266.5 | F2: 2 | G2: LONG LARG
A3: LARGEUR BATIMENT | B3: 4.5 | C3: SURF CLOISON BA 13 PLATR | D3: =B15+B23+D16+D24 -> 27.5 | F3: 3 | G3: DISTANCE
A4: PERIMETRE | B4: =B2*2+B3*2 -> 41 | C4: SURF CLOISON A PEINDRE | D4: =B16+D17+B24+D25 -> 55 | F4: 4 | G4: EPAISSEUR PLANCHER POUR DEFINIR HTR BATIMENT
A5: EMPRISE AU SOL | B5: 70 | C5: SURF CLOISON MARINE | D5: =B18+B26+D19+D27 -> 0 | F5: 5 | G5: HTR POUR DOUBLAGE
A6: DISTANCE LIMITE DE PROPRIETE | B6: 20 | C6: SURFACE PLAFONDS | D6: =B9*B5 -> 140 | F6: 6 | G6: NBR DE NIVEAUX
A7: epaisseur plancher | C7: LINEAIRE SEMELLE | D7: =B4 -> 41 | F7: 7 | G7: LINEAIRE DE CLOISONS PAR NIVEAUX
A8: HTR POUR DOUBLAGE | B8: =B1-B7 -> 6.5 | C8: SUR MURET SOUS | D8: =B4*0.8 -> 32.8
A9: NBRE DE NIVEAUX | B9: 2 | C9: SURFACE DALLE | D9: 70
C10: SURF PLANCHER INTER | D10: 70
A11: CLOISONS | C11: SURF TOIT TERASSE | D11: 70
A12: RDCH
A13: HSP RDCH | B13: 2.5 | C13: 2EME ETAGE
A14: LINEAIRE CLOISONS 1 | B14: 6 | C14: HSP RDCH | D14: 2.5
A15: SURF CLOIS PLATR | B15: =B13*B14 -> 15 | C15: LINEAIRE CLOISONS 1 | D15: 5
A16: SURFACE CLOISON A PEINDRE | B16: =B13*(B14*2) -> 30 | C16: SURF CLOIS PLATR | D16: =D14*D15 -> 12.5
A17: lineaire hydro | C17: SURFACE CLOISON A PEINDRE | D17: =D14*(D15*2) -> 25
A18: surface hydro | B18: =B17*B13 -> 0 | C18: lineaire hydro
A19: SURFACE PLAFOND/sols | B19: =B5 -> 70 | C19: surface hydro | D19: =D18*D14 -> 0
A20: 1ER ETAGE | C20: SURFACE PLAFOND/sols | D20: =B5 -> 70
A21: HSP ETAGE 1 | C21: 3EME ETAGE
A22: LINEAIRE CLOISONS 2 | C22: HSP ETAGE 1
A23: SURF CLOIS PLATR | B23: =B21*B22 -> 0 | C23: LINEAIRE CLOISONS 2
A24: SURFACE CLOISON A PEINDRE | B24: =B21*(B22*2) -> 0 | C24: SURF CLOIS PLATR | D24: =D22*D23 -> 0
A25: lineaire hydro | C25: SURFACE CLOISON A PEINDRE | D25: =D22*(D23*2) -> 0
A26: surf hydro | B26: =B25*B21 -> 0 | C26: lineaire hydro
A27: SURFACE PLAFONDS/sols | B27: =B5 -> 70 | C27: surf hydro | D27: =D26*D22 -> 0
C28: SURFACE PLAFONDS/sols | D28: =B5 -> 70
A29: LINEAIRE EU | B29: =B6 -> 20
A30: LINEAIRE EP | B30: =B6 -> 20
A31: TOTAL TUBE | B31: =B29+B30 -> 40
A32: GOUTTIERE ZINC D33 ACHAT ML | B32: 23
A33: DECSCENTE D100 ZINC ML | B33: 25 | C33: VENTE | D33: 110
C34: VENTE | D34: 110

Sheet TERASSEMENT
A1: DESIGNATION | B1: perimetre | C1: SURFACE | D1: long | E1: larg | F1: EP | G1: COEFF 1,8 | H1: VOLUME | I1: PRIX AU M3 | J1: TOTAL HT | K1: TOTAL TTC
A2: DECAPAGE TERRE VEGETALE | B2: X | C2: ='SAISIE TECHNIQUE'!B5 -> 70 | D2: X | E2: X | F2: 0.6 | G2: 1.8 | H2: =C2*F2*G2 -> 75.6 | I2: 30 | J2: =H2*I2 -> 2268 | K2: =J2*1.2 -> 2721.6
A3: TRANCHEES FONDATIONS SEMELLE | B3: ='SAISIE TECHNIQUE'!B4 -> 41 | C3: X | D3: X | E3: 0.5 | F3: 0.4 | G3: 1.8 | H3: =B3*E3*F3*G3 -> 14.76 | I3: 30 | J3: =H3*I3 -> 442.8 | K3: =J3*1.2 -> 531.36
A4: TRANCHEES EU | B4: X | C4: X | D4: ='SAISIE TECHNIQUE'!B6 -> 20 | E4: 0.5 | F4: 0.6 | G4: 1.8 | H4: =D4*E4*F4*G4 -> 10.8 | I4: 30 | J4: =H4*I4 -> 324 | K4: =J4*1.2 -> 388.8 | L4: =K2+K3+K4 -> 3641.76
A5: TRANCHEE EP | B5: X | C5: X | D5: ='SAISIE TECHNIQUE'!B6 -> 20 | E5: 0.3 | F5: 0.6 | G5: 1.8 | H5: =D5*E5*F5*G5 -> 6.48 | I5: 30 | J5: =H5*I5 -> 194.4 | K5: =J5*1.2 -> 233.28
A6: TRANCHEE CITERNE | B6: X | F6: 1 | G6: 1.8 | H6: =D6*E6*F6*G6 -> 0 | I6: 30 | J6: =H6*I6 -> 0 | K6: =J6*1.2 -> 0
A7: CUVELAGE | D7: 0 | E7: 0 | F7: 1.8 | G7: 1.8 | H7: =D7*E7*F7*G7 -> 0 | I7: 30 | J7: =H7*I7 -> 0 | K7: =J7*1.2 -> 0
A8: TRANCHEE GAINE TECHNIQUE | B8: X | C8: X | D8: ='SAISIE TECHNIQUE'!B6 -> 20 | E8: 0.5 | F8: 0.6 | G8: 1.8 | H8: =D8*E8*F8*G8 -> 10.8 | I8: 30 | J8: =H8*I8 -> 324 | K8: =J8*1.2 -> 388.8
A9: DECAPAGE ALLEE EXT | B9: X | C9: ='SAISIE TECHNIQUE'!B6 -> 20 | F9: 0.4 | G9: 1.8 | H9: =D9*E9*F9*G9 -> 0 | I9: 30 | J9: =H9*I9 -> 0 | K9: =J9*1.2 -> 0
A10: ALLEE | C10: =D10*E10 -> 0 | G10: 1.8 | H10: =D10*E10*F10 -> 0 | I10: 30 | J10: =H10*I10 -> 0 | K10: =J10*1.2 -> 0
A11: TOTAL TERASSEMENT | H11: =SUM(H2:H10) -> 118.44 | J11: =SUM(J2:J10) -> 3553.2 | K11: =SUM(K2:K10) -> 4263.84
A12: ZACHARIE
A13: arrivee eau

Sheet ASSAINISSEMENT
A1: DISTANCE | B1: 60
A2: hauteur | B2: ='SAISIE TECHNIQUE'!B1 -> 6.5
A3: GRILLAGE ref 55354 | B3: ='SAISIE TECHNIQUE'!B6 -> 20
A4: Terassement reseaux | B4: QTE m3 | C4: PU | D4: TOTAL
A5: Tranchées EVACUATION | B5: =B1*0.5/2 -> 15 | C5: 30 | D5: =B5*C5 -> 450
A6: TRANCHEE RESEAUX SECS | B6: =B1*0.5/2 -> 15 | C6: 30 | D6: =B6*C6 -> 450
A7: TOTAL SABLE | B7: =B5+B6 -> 30 | D7: =D5+D6 -> 900
A8: RESEAUX SECS | B8: REF | C8: QTE | D8: PU | E8: TOTAL | F8: ROULEAU
A9: GAINE ELEC ROUGE AVEC TIRE FIL DIAM 90mm | B9: 55152 | C9: =B1/50 -> 1.2 | D9: 60 | E9: =C9*D9 -> 72 | F9: 50
A10: 2 GAINE ROUGE RESERVE | C10: =B1/50 -> 1.2 | E10: =C10*D10 -> 0
A11: GAINE MULTIMEDIA VERT DIAM 40mm | B11: 55157 | C11: =B1/50 -> 1.2 | D11: 10 | E11: =C11*D11 -> 12 | F11: 25
A12: GAINE BLEU DIAM EAU | B12: 55176 | C12: =B1/50 -> 1.2 | D12: 20 | E12: =C12*D12 -> 24
A13: PEHD 25 100M | B13: 67621 | C13: =B1/50 -> 1.2 | D13: 32 | E13: =C13*D13 -> 38.4 | F13: 50
A14: MANO | E14: =C14*D14 -> 0
A15: VANNE D ARRET | E15: =C15*D15 -> 0
A16: DRAINAGE ruisselement | B16: 68143 | C16: =B1 -> 60 | D16: 23 | E16: =C16*D16 -> 1380
A17: TRANCHEE DRAINANTE | B17: 68144 | C17: 20 | D17: 25 | F17: 3
A18: TOTAL | E18: =SUM(E9:E15) -> 146.4
A19: EVACUATION | B19: REF | C19: QTE | D19: PU | E19: TOTAL
A20: TUBE PVC 110/125 HD ASSAINISEMENT EU | B20: 13232 | C20: =B1/3 -> 20 | D20: 12 | E20: =C20*D20 -> 240 | F20: 3
A21: TUBE PVC 110/125 HD ASSAINISEMENT EP | C21: =B3/3 -> 6.6666667 | D21: 12 | E21: =C21*D21 -> 80 | F21: 3
A22: MANCHON | B22: 2808 | E22: =C22*D22 -> 0
A23: COUDE | E23: =C23*D23 -> 0
A24: BOITE DE BRANCHEMENT | B24: 12064 | C24: 2 | D24: 75 | E24: =C24*D24 -> 150
A25: CHAPEAU DE VENTILATION | E25: =C25*D25 -> 0
A26: RESEAU SANITAIRE | E26: =C26*D26 -> 0
A27: REDUCTEUR DE PRESSION | E27: =C27*D27 -> 0
A28: VANNE D'ARRET | E28: =C28*D28 -> 0
A29: DESCENTE EP PVC | D29: 19 | E29: =C29*D29 -> 0
A30: CLAPET | B30: 8179 | C30: 1 | D30: 125 | E30: =C30*D30 -> 125
A31: regard en pied de chute | B31: 67362 | C31: 1 | D31: 80 | E31: =C31*D31 -> 80
A32: REVOIR RACCORD EN SORTIE | E32: =C32*D32 -> 0
A33: TOTAL | E33: =SUM(E20:E32) -> 675
A34: RESEAU SANITAIRE | B34: REF | C34: QTE | D34: PU | E34: TOTAL
A35: PVC EVAC 40MM
A36: PVC EVAC 80MM
A37: PVC EVAC 100M
A38: PAR APPAREILS
A39: COUDE
A40: MANCHON

Sheet FONDATIONS
A1: Matière Première | B1: Beton de Propreté | C1: Semelle | D1: PAR BAN | E1: POUTRELLE | F1: Dalle Comp | G1: Beton Fibre Dalle | H1: Radier | I1: Chappe | J1: POMPE TUYAU | K1: LV1 | L1: LV2 | M1: LIV3
A2: Longueur | B2: X | C2: X | D2: X | E2: X | F2: X | G2: X | H2: X | I2: X | J2: QUANTITE/PRIX | K2: 8 | L2: 7 | M2: 0
A3: Largeur | B3: 0.5 | C3: =B3 -> 0.5 | D3: X | E3: X | F3: X | G3: X | H3: X | I3: X | J3: TRANSPORT TOUPIE | K3: 156 | L3: 156 | M3: 156
A4: Epaisseur/Hauteur | B4: 0.05 | C4: 0.4 | D4: 0.8 | E4: X | F4: 0.06 | G4: 0.12 | H4: 0.2 | I4: 0.05 | J4: BETON | K4: =K2*C8 -> 1248 | L4: =L2*C8 -> 1092 | M4: =M2*156 -> 0
A5: Périmètre ML | B5: ='SAISIE TECHNIQUE'!B4 -> 41 | C5: ='SAISIE TECHNIQUE'!B4 -> 41 | D5: =C5 -> 41 | E5: X | F5: X | G5: X | H5: X | I5: X | J5: TOTAL HT | K5: =K3+K4 -> 1404 | L5: =L3+L4 -> 1248 | M5: =M3+M4 -> 156
A6: Surface m² | B6: X | C6: X | D6: =D4*D5 -> 32.8 | E6: ='SAISIE TECHNIQUE'!B5 -> 70 | F6: ='SAISIE TECHNIQUE'!B5 -> 70 | G6: ='SAISIE TECHNIQUE'!B5 -> 70 | H6: ='SAISIE TECHNIQUE'!B5 -> 70 | I6: ='SAISIE TECHNIQUE'!B5 -> 70 | J6: TOTAL TTC | K6: =K5*1.2 -> 1684.8 | L6: =L5*1.2 -> 1497.6 | M6: =M5*1.2 -> 187.2
A7: Volume m3 | B7: =B3*B4*B5 -> 1.025 | C7: =C3*C4*C5 -> 8.2 | D7: =D6*0.2 -> 6.56 | E7: X | F7: =F4*F6 -> 4.2 | G7: =G4*G6 -> 8.4 | H7: =H6*H4 -> 14 | I7: =I6*I4 -> 3.5 | J7: MONTANT TTC | M7: =K6+L6+M6 -> 3369.6
A8: Prix m3/m²(ht) | B8: 156 | C8: 156 | D8: 38 | E8: 70 | F8: 145 | G8: 145 | H8: 145 | I8: 145 | J8: pompe | K8: 550 | L8: 550
A9: Total HT | B9: =B7*B8 -> 159.9 | C9: =C7*C8 -> 1279.2 | D9: =D6*D8 -> 1246.4 | E9: =E6*E8 -> 4900 | F9: =F7*F8 -> 609 | G9: =G7*G8 -> 1218 | H9: =H7*H8 -> 2030 | I9: =I7*I8 -> 507.5 | J9: netoyage | K9: 250 | L9: 250
A10: Total TTC | B10: =B9*1.2 -> 191.88 | C10: =C9*1.2 -> 1535.04 | D10: =D9*1.2 -> 1495.68 | E10: =E9*1.2 -> 5880 | F10: =F9*1.2 -> 730.8 | G10: =G9*1.2 -> 1461.6 | H10: =H9*1.2 -> 2436 | I10: =I9*1.2 -> 609 | J10: pompage | K10: =K2*13 -> 104 | L10: =L2*13 -> 91 | M10: =M2*13 -> 0
A11: Transport | B11: Beton de Propreté | C11: Semelle | D11: Parpaings | E11: Poutrelle-hourdis | F11: Dalle Compression | G11: Beton Fibre Dalle | H11: Radier | I11: Chappe | J11: TOTAL HT | K11: =K8+K9+K10 -> 904 | L11: =L8+L9+L10 -> 891
A12: ACIER SEMELLE | J12: TOTAL TTC | K12: =K11*1.2 -> 1084.8 | L12: =L11*1.2 -> 1069.2 | M12: =K12+L12 -> 2154
A13: TREILLIS DALLE | J13: MONTANT TOTAL TTC | K13: =K6+K12 -> 2769.6 | L13: =L6+L12 -> 2566.8 | M13: =M6+M12 -> 2341.2
A14: ACIERS BANCHE | J14: TOT MT TTC | M14: =M7+M13 -> 5710.8
A15: BETON BANCHE | J15: MIXO BRAS | K15: LV1 | L15: LV2
A16: Prix Main D'œuvre | B16: 600 | C16: =C5*35 -> 1435 | D16: =D6*35 -> 1148 | E16: 750 | F16: 1000 | G16: 1200 | H16: 1200 | I16: 1200 | J16: QUANTITE/PRIX | K16: 8 | L16: 0
A17: Total Budget HT | B17: =B9+B14+B16 -> 759.9 | C17: =C9+C14+C16 -> 2714.2 | D17: =D9+D16 -> 2394.4 | E17: =E16+E9 -> 5650 | F17: =F9+F16 -> 1609 | G17: =G9+G14+G16 -> 2418 | H17: =H9+H14+H16 -> 3230 | I17: =I9+I14+I16 -> 1707.5 | J17: MIXO POMPE | K17: 156 | L17: 156
A18: Total Budget TTC | B18: =B17*1.2 -> 911.88 | C18: =C17*1.2 -> 3257.04 | D18: =D17*1.2 -> 2873.28 | E18: =E17*1.2 -> 6780 | F18: =F17*1.2 -> 1930.8 | G18: =G17*1.2 -> 2901.6 | H18: =H17*1.2 -> 3876 | I18: =I17*1.2 -> 2049 | J18: pompe | K18: 282 | L18: 282
A19: Prix m²/m3 | B19: =B17/B5 -> 18.534146 | C19: =C17/C5 -> 66.2 | D19: =D17/D6 -> 73 | E19: =E17/E6 -> 80.714286 | F19: =F17/F6 -> 22.985714 | G19: =G17/G6 -> 34.542857 | H19: =H17/H6 -> 46.142857 | I19: =I17/I6 -> 24.392857 | J19: pompage | K19: =K16*45 -> 360 | L19: =L16*45 -> 0
A20: PRIX DE VENTE | B20: =B19*1.5 -> 27.80122 | C20: =C19*1.5 -> 99.3 | D20: =D19*1.5 -> 109.5 | E20: =E19*1.2 -> 96.857143 | F20: =F19*1.5 -> 34.478571 | G20: =G19*1.5 -> 51.814286 | H20: =H19*1.5 -> 69.214286 | I20: =I19*1.5 -> 36.589286 | J20: BETON | K20: =K16*C8 -> 1248 | L20: =L16*C8 -> 0
A21: JOSE | C21: 1500 | D21: 2000 | E21: 6000 | J21: TOTAL HT | K21: =SUM(K17:K20) -> 2046 | L21: =SUM(L17:L20) -> 438
A22: 1800 | B22: 6 | C22: =A22*B22 -> 10800 | J22: TOTAL TTC | K22: =K21*1.2 -> 2455.2 | L22: =L21*1.2 -> 525.6 | M22: =K22+L22 -> 2980.8
J23: QUANTIT2 | K23: 8 | L23: 5.5
A24: SOLUTION RADIER | B24: DALLE BETON | C24: TMS | J24: TOUPIE/TRANSP | K24: 156 | L24: 156
J25: BETON | K25: =K23*156 -> 1248 | L25: =L23*156 -> 858
J26: TOTAL HT | K26: =K24+K25 -> 1404 | L26: =L24+L25 -> 1014
A27: POMPPE/4H | C27: 814 | J27: TOTAL TTC | K27: =K26*1.2 -> 1684.8 | L27: =L26*1.2 -> 1216.8 | M27: =K27+L27 -> 2901.6
J28: MONTANT TOTAL TTC | K28: =K22+K27 -> 4140 | M28: =M22+M27 -> 5882.4

Sheet SAISIE TECHNIQUE SANITAIRE
A1: PIECES | B1: CUISINE | C1: SDB1 | D1: SDB2 | E1: WC 1 | F1: WC2 | G1: BUANDERIE | H1: SDB3 | J1: JARDIN | K1: QTE | L1: PU | M1: TOTAL HT | N1: TOTAL TTC
A2: EVIER | B2: 1 | K2: =SUM(B2:J2) -> 1 | M2: =K2*L2 -> 0 | N2: =M2*1.2 -> 0
A3: LAVABO SDB | C3: 1 | D3: 1 | K3: =SUM(B3:J3) -> 2 | M3: =K3*L3 -> 0 | N3: =M3*1.2 -> 0
A4: LAVE MAINS | K4: =SUM(B4:J4) -> 0 | M4: =K4*L4 -> 0 | N4: =M4*1.2 -> 0
A5: RECEVEUR DOUCHE | C5: 1 | K5: =SUM(B5:J5) -> 1 | M5: =K5*L5 -> 0 | N5: =M5*1.2 -> 0
A6: BAIGNOIRE | K6: =SUM(B6:J6) -> 0 | M6: =K6*L6 -> 0 | N6: =M6*1.2 -> 0
A7: WC + BATI | C7: 1 | K7: =SUM(B7:J7) -> 1 | M7: =K7*L7 -> 0 | N7: =M7*1.2 -> 0
K8: =SUM(B8:J8) -> 0 | M8: =K8*L8 -> 0 | N8: =M8*1.2 -> 0
A9: DOUCHE ITALIENNE | K9: =SUM(B9:J9) -> 0 | M9: =K9*L9 -> 0 | N9: =M9*1.2 -> 0
A10: Lave Linge | K10: =SUM(B10:J10) -> 0 | M10: =K10*L10 -> 0 | N10: =M10*1.2 -> 0
A11: Lave vaisselle | K11: =SUM(B11:J11) -> 0 | M11: =K11*L11 -> 0 | N11: =M11*1.2 -> 0
A12: Arrivé sur C-e | K12: =SUM(B12:J12) -> 0 | M12: =K12*L12 -> 0 | N12: =M12*1.2 -> 0
A13: RBT EXT | K13: =SUM(B13:J13) -> 0 | M13: =K13*L13 -> 0 | N13: =M13*1.2 -> 0
A14: ARRIV GEN | K14: =SUM(B14:J14) -> 0 | M14: =K14*L14 -> 0 | N14: =M14*1.2 -> 0
K15: =SUM(B15:J15) -> 0 | M15: =K15*L15 -> 0 | N15: =M15*1.2 -> 0
A16: TOTAL | B16: =SUM(B2:B15) -> 1 | C16: =SUM(C2:C15) -> 3 | D16: =SUM(D2:D15) -> 1 | E16: =SUM(E2:E15) -> 0 | F16: =SUM(F2:F15) -> 0 | G16: =SUM(G2:G15) -> 0 | H16: =SUM(H2:H15) -> 0 | I16: =SUM(I2:I15) -> 0 | J16: =SUM(J2:J15) -> 0 | K16: =SUM(B16:J16) -> 5 | M16: =K16*L16 -> 0 | N16: =M16*1.2 -> 0
A17: POSE DES SANITAIRES
A18: MEUBLES VASQUES | K18: =SUM(B18:J18) -> 0
A19: TOTAL RACCORD DEPART NOURI | B19: =+K16*2 -> 10
A20: TOTAL RACCORD DEPART NOURI

Sheet MATOS PLOMBERIE
A1: REF PRO | B1: R16 | C1: R20 | D1: PAT | E1: G16 | F1: GI16 | G1: G20 | H1: GI20 | I1: G32 | J1: GI32 | K1: Platine | L1: G alim nourrice | M1: Collecteur | N1: Pvc 32 | O1: Culotte 32 | P1: Coude 32 | Q1: Pvc 100 | R1: Culotte 100 | S1: Coude 100
A2: PIECES | E2: 15 | F2: 15 | G2: 15 | H2: 15 | I2: 15 | J2: 15 | L2: 1 | M2: 1
A3: EVIER | B3: 1 | C3: X | E3: 15 | F3: 15 | G3: 15 | H3: 15 | I3: 15 | J3: 15 | K3: 1
A4: LL | B4: 1 | C4: X | E4: 15 | F4: 15 | G4: 15 | H4: 15 | I4: 15 | J4: 15 | K4: 1
A5: LV | B5: 1 | C5: X | E5: 15 | F5: 15 | G5: 15 | H5: 15 | I5: 15 | J5: 15 | K5: 1
A6: LAVABO SDB | B6: 1 | C6: X | E6: 15 | G6: 15 | I6: 15 | K6: 1
A7: LMAIN | B7: 1 | C7: X | E7: 15 | F7: 15 | G7: 15 | H7: 15 | I7: 15 | J7: 15 | K7: 1
A8: BAIGNOIRE | B8: X | C8: 1 | E8: 15 | G8: 15 | I8: 15 | K8: 1
A9: WC1 | B9: 1 | C9: X | E9: 15 | G9: 15 | I9: 15 | K9: 1
A10: WC2 | B10: 1 | C10: X | E10: 15 | F10: 15 | G10: 15 | H10: 15 | I10: 15 | J10: 15 | K10: 1
A11: DOUCHE1 | B11: X | C11: 1 | E11: 15 | F11: 15 | G11: 15 | H11: 15 | I11: 15 | J11: 15 | K11: 1
A12: RBT EXT | B12: X | C12: X | E12: 15 | F12: 15 | G12: 15 | H12: 15 | I12: 15 | J12: 15
A13: DOUCHE 2 | B13: X | C13: 1 | E13: 15 | G13: 15 | I13: 15 | K13: 1
A14: ARRIV GEN | B14: X | C14: X | E14: 15 | F14: 15 | G14: 15 | H14: 15 | I14: 15 | J14: 15
A15: Lave Linge | B15: 1 | C15: X | E15: 15 | G15: 15 | I15: 15 | K15: 1
A16: Lave vaissel | B16: 1 | C16: X | E16: 15 | G16: 15 | I16: 15 | K16: 1
A17: Arrivé sur C-e | B17: X | C17: X | D17: 2 | E17: 15 | G17: 15 | I17: 15
A22: QTE Total | B22: =SUM(B2:B21) -> 9 | C22: =SUM(C2:C21) -> 3 | D22: =SUM(D2:D21) -> 2 | E22: =SUM(E2:E21) -> 240 | F22: =SUM(F2:F21) -> 135 | G22: =SUM(G2:G21) -> 240 | H22: =SUM(H2:H21) -> 135 | I22: =SUM(I2:I21) -> 240 | ... S22: =SUM(S2:S21) -> 0
A23: COND | B23: 7.5 | C23: 9.4
A24: CFOUR | M24: 22
A25: Prix Unitaire | B25: 4
A26: Total HT | B26: =B22*B25 -> 36 | C26: =C22*C25 -> 0 | D26: =D22*D25 -> 0 | E26: =E22*E25 -> 0 | F26: =F22*F25 -> 0 | G26: =G22*G25 -> 0 | H26: =H22*H25 -> 0 | I26: =I22*I25 -> 0 | ... S26: =S22*S25 -> 0
A27: Total TTC | B27: =B26*1.2 -> 43.2 | C27: =C26*1.2 -> 0 | D27: =D26*1.2 -> 0 | E27: =E26*1.2 -> 0 | F27: =F26*1.2 -> 0 | G27: =G26*1.2 -> 0 | H27: =H26*1.2 -> 0 | I27: =I26*1.2 -> 0 | ... S27: =S26*1.2 -> 0
A28: TOTAL HT | S28: =SUM(B26:S26) -> 36
A29: TOTAL TTC | S29: =S28*1.2 -> 43.2

Sheet SAISIE CLIENT ELEC
A2: Objet | B2: BP | C2: VR | D2: INT | E2: VV | F2: PS | G2: PC | H2: PC EXT | I2: Rj 45 | J2: Spot | K2: TH | L2: USB | M2: Variateur | N2: PCO | O2: PL APP
A3: PIECES
A4: CUISINE | B4: 1 | C4: 2 | D4: 3 | E4: 2 | G4: 4 | I4: 3 | L4: 2
A5: CH1 | B5: 2 | C5: 6 | F5: 3 | I5: 2 | K5: 2 | L5: 2
A6: CH2 | M6: 4
A7: CH3 | G7: 5
A8: CH4 | N8: 5
A9: ENTREE
A10: SDB1
A11: SDB2
A12: WC1
A13: WC2
A14: COMBLE
A15: GARAGE
A16: JARDIN
A17: SALON
S26: total pts | T26: pu | U26: total
A27: TOTAL | B27: =SUM(B2:B26) -> 3 | C27: =SUM(C2:C26) -> 8 | D27: =SUM(D2:D26) -> 3 | E27: =SUM(E2:E26) -> 2 | F27: =SUM(F2:F26) -> 3 | G27: =SUM(G2:G26) -> 9 | H27: =SUM(H2:H26) -> 0 | I27: =SUM(I2:I26) -> 5 | ... N27: =SUM(N2:N26) -> 5 | S27: =SUM(B27:R27) -> 48 | U27: =S27*T27 -> 0
A28: P.U
A29: TOTAL HT | B29: =B27*B28 -> 0 | C29: =C27*C28 -> 0 | D29: =D27*D28 -> 0 | E29: =E27*E28 -> 0 | F29: =F27*F28 -> 0 | G29: =G27*G28 -> 0 | H29: =H27*H28 -> 0 | I29: =I27*I28 -> 0 | ... N29: =N27*N28 -> 0 | O29: =SUM(B29:N29) -> 0
A30: TOTAL TTC | B30: =B29*1.2 -> 0 | C30: =C29*1.2 -> 0 | D30: =D29*1.2 -> 0 | E30: =E29*1.2 -> 0 | F30: =F29*1.2 -> 0 | G30: =G29*1.2 -> 0 | H30: =H29*1.2 -> 0 | I30: =I29*1.2 -> 0 | ... N30: =N29*1.2 -> 0 | O30: =SUM(B30:N30) -> 0 | P30: QTE | Q30: PU | R30: TT HT | S30: T TTC
A31: GAINE 1,5 | B31: =B27*10 -> 30 | D31: =D27*10 -> 30 | E31: =E27*10 -> 20 | P31: =SUM(B31:M31) -> 80 | R31: =P31*Q31 -> 0 | S31: =R31*1.2 -> 0
A32: GAINE 2,5 | F32: =F27*10 -> 30 | P32: =SUM(B32:M32) -> 30 | R32: =P32*Q32 -> 0 | S32: =R32*1.2 -> 0
A33: CABLE RJ | E33: =E27*10 -> 20 | P33: =SUM(B33:M33) -> 20 | R33: =P33*Q33 -> 0 | S33: =R33*1.2 -> 0
A34: CABLE VV | C34: =C27*10 -> 80 | P34: =SUM(B34:M34) -> 80 | R34: =P34*Q34 -> 0 | S34: =R34*1.2 -> 0
A35: CABLE USB | G35: =G27*10 -> 90 | P35: =SUM(B35:M35) -> 90 | R35: =P35*Q35 -> 0 | S35: =R35*1.2 -> 0
A36: TOTAL | R36: =SUM(R31:R35) -> 0 | S36: =SUM(S31:S35) -> 0
A37: ACCESSOIRES | P37: QTE | Q37: PU | R37: TT HT | S37: T TTC
A38: COFFRET DE CHANTIER | P38: 1 | R38: =P38*Q38 -> 0 | S38: =R38*1.2 -> 0
A39: DISJONCTEUR | P39: 1 | R39: =P39*Q39 -> 0 | S39: =R39*1.2 -> 0
A40: CO COM | P40: 1 | R40: =P40*Q40 -> 0 | S40: =R40*1.2 -> 0
A41: TABLEAU | P41: 1 | R41: =P41*Q41 -> 0 | S41: =R41*1.2 -> 0
A42: TOTAL | R42: =SUM(R38:R41) -> 0 | S42: =R42*1.2 -> 0
A43: TOTAL | R43: =O29+R36+R42 -> 0 | S43: =R43*1.2 -> 0

Sheet ELECTRICITE
B1: Gamme Celliane | H1: BP | I1: ENJ | J1: PLAQ | K1: SUPPORT | L1: PLAQUE | M1: ENJ | N1: ENJ | O1: ENJ | P1: enj | Q1: ENJ
B2: Objet | C2: Prix U | D2: Quantité | E2: MT HT | F2: MT TTC | H2: 67031 | I2: 68001 | K2: 80251 | L2: 66631 | M2: 68111 | N2: 68285 | O2: 68240 | P2: 68256 | Q2: 65083
B3: Boitier de Cloison | D3: 32 | E3: =C3*D3 -> 0 | F3: =E3*1.2 -> 0 | H3: QTE | I3: =D5+D13+D18+D22+D9 -> 19 | K3: =D7+D11+D15+D17+D21+D27+D30+D36+D40+D44 -> 43 | L3: =D6+D10+D14+D19+D23+D26+D29+D35+D39+D43 -> 43 | M3: =D25 -> 9 | N3: =D31 -> 5 | O3: =D34 -> 2 | P3: =D38 -> 4 | Q3: =D42 -> 4
A4: 67031 | B4: Bouton Poussoire | C4: 6.94 | D4: ='SAISIE CLIENT ELEC'!B27 -> 3 | E4: =C4*D4 -> 20.82 | F4: =E4*1.2 -> 24.984
A5: 68001 | B5: Enjoliveur | C5: 0.77 | D5: =D4 -> 3 | E5: =C5*D5 -> 2.31 | F5: =E5*1.2 -> 2.772
A6: 66631 | B6: Plaque de finition | C6: 1.12 | D6: =D4 -> 3 | E6: =C6*D6 -> 3.36 | F6: =E6*1.2 -> 4.032
A7: 80251 | B7: support batibox | C7: 1 | D7: =D5 -> 3 | E7: =C7*D7 -> 3 | F7: =E7*1.2 -> 3.6 | G7: =SUM(C4:C7) -> 9.83 | I7: BP | J7: C VR | K7: I VV | L7: PL | M7: PC | N7: RJ | O7: TH | P7: USB | Q7: VAR
A8: 67601 | B8: Commande Volet roulant | C8: 16.22 | D8: ='SAISIE CLIENT ELEC'!C27 -> 8 | E8: =C8*D8 -> 129.76 | F8: =E8*1.2 -> 155.712 | I8: 9.83 | J8: =SUM(F5:F8) -> 166.116 | K8: 6.66 | L8: 2.89 | M8: 5.64 | N8: 11.97 | O8: 71.26 | P8: 22 | Q8: 52
A9: 68153 | B9: Enjoliveur | C9: 0.77 | D9: =D8 -> 8 | E9: =C9*D9 -> 6.16 | F9: =E9*1.2 -> 7.392 | J9: PX ML
A10: 66631 | B10: Plaque de finition | C10: 1.12 | D10: =D8 -> 8 | E10: =C10*D10 -> 8.96 | F10: =E10*1.2 -> 10.752 | I10: 1.5
A11: 80251 | B11: support batibox | C11: 1 | D11: =D9 -> 8 | E11: =C11*D11 -> 8 | F11: =E11*1.2 -> 9.6 | G11: =SUM(C8:C11) -> 19.11 | I11: 2.5
B12: Interrupteur | D12: ='SAISIE CLIENT ELEC'!D27 -> 3 | E12: =C12*D12 -> 0 | F12: =E12*1.2 -> 0
B13: Enjoliveur | C13: 0.77 | D13: =D12 -> 3 | E13: =C13*D13 -> 2.31 | F13: =E13*1.2 -> 2.772
A14: 66631 | B14: Plaque de finition | C14: 1.12 | D14: =D12 -> 3 | E14: =C14*D14 -> 3.36 | F14: =E14*1.2 -> 4.032
A15: 80251 | B15: support batibox | C15: 1 | D15: =D13 -> 3 | E15: =C15*D15 -> 3 | F15: =E15*1.2 -> 3.6 | G15: =SUM(C12:C15) -> 2.89
A16: 67001 | B16: Interrupteur va et viens | C16: 3.77 | D16: ='SAISIE CLIENT ELEC'!E27 -> 2 | E16: =C16*D16 -> 7.54 | F16: =E16*1.2 -> 9.048
A17: 80251 | B17: support batibox | C17: 1 | D17: ='SAISIE CLIENT ELEC'!E27 -> 2 | E17: =C17*D17 -> 2 | F17: =E17*1.2 -> 2.4
A18: 68001 | B18: Enjoliveur | C18: 0.77 | D18: =D16 -> 2 | E18: =C18*D18 -> 1.54 | F18: =E18*1.2 -> 1.848
A19: 66631 | B19: Plaque de finition | C19: 1.12 | D19: =D16 -> 2 | E19: =C19*D19 -> 2.24 | F19: =E19*1.2 -> 2.688 | G19: =SUM(C16:C19) -> 6.66
B20: Point Lumineux | D20: ='SAISIE CLIENT ELEC'!F27 -> 3 | E20: =C20*D20 -> 0 | F20: =E20*1.2 -> 0
A21: 80251 | B21: support batibox | C21: 1 | D21: ='SAISIE CLIENT ELEC'!F27 -> 3 | E21: =C21*D21 -> 3 | F21: =E21*1.2 -> 3.6
A22: 68001 | B22: Enjoliveur | C22: 0.77 | D22: ='SAISIE CLIENT ELEC'!F27 -> 3 | E22: =C22*D22 -> 2.31 | F22: =E22*1.2 -> 2.772
A23: 66631 | B23: Plaque de finition | C23: 1.12 | D23: ='SAISIE CLIENT ELEC'!F27 -> 3 | E23: =C23*D23 -> 3.36 | F23: =E23*1.2 -> 4.032 | G23: =SUM(C20:C23) -> 2.89
A24: 67111 | B24: Prise de courant | C24: 2.76 | D24: ='SAISIE CLIENT ELEC'!G27 -> 9 | E24: =C24*D24 -> 24.84 | F24: =E24*1.2 -> 29.808
A25: 68111 | B25: Enjoliveur | C25: 0.77 | D25: =D24 -> 9 | E25: =C25*D25 -> 6.93 | F25: =E25*1.2 -> 8.316
A26: 66631 | B26: Plaque de finition | C26: 1.12 | D26: =D24 -> 9 | E26: =C26*D26 -> 10.08 | F26: =E26*1.2 -> 12.096
A27: 80251 | B27: support batibox | C27: 1 | D27: =D25 -> 9 | E27: =C27*D27 -> 9 | F27: =E27*1.2 -> 10.8 | G27: =SUM(C24:C27) -> 5.65
A28: 67345 | B28: Prise Rj45 | C28: 9.08 | D28: ='SAISIE CLIENT ELEC'!I27 -> 5 | E28: =C28*D28 -> 45.4 | F28: =E28*1.2 -> 54.48
A29: 66631 | B29: Plaque de finition | C29: 1 | D29: =D28 -> 5 | E29: =C29*D29 -> 5 | F29: =E29*1.2 -> 6
A30: 80251 | B30: support batibox | C30: 1.12 | D30: =D29 -> 5 | E30: =C30*D30 -> 5.6 | F30: =E30*1.2 -> 6.72
A31: 68285 | B31: Enjoliveur | C31: 0.77 | D31: =D30 -> 5 | G31: =SUM(C28:C31) -> 11.97
B32: Spot | D32: =[2]Feuil1!J27 -> 0 | E32: =C32*D32 -> 0 | F32: =E32*1.2 -> 0
A33: 67400 | B33: Thermostat | C33: 67.2 | D33: ='SAISIE CLIENT ELEC'!K27 -> 2 | E33: =C33*D33 -> 134.4 | F33: =E33*1.2 -> 161.28
A34: 68240 | B34: Enjoliveur | C34: 1.94 | D34: ='SAISIE CLIENT ELEC'!K27 -> 2 | E34: =C34*D34 -> 3.88 | F34: =E34*1.2 -> 4.656
A35: 66631 | B35: Plaque de finition | C35: 1.12 | D35: ='SAISIE CLIENT ELEC'!K27 -> 2 | E35: =C35*D35 -> 2.24 | F35: =E35*1.2 -> 2.688
A36: 80251 | B36: support batibox | C36: 1 | D36: ='SAISIE CLIENT ELEC'!K27 -> 2 | E36: =C36*D36 -> 2 | F36: =E36*1.2 -> 2.4 | G36: =SUM(C33:C36) -> 71.26
A37: 67462 | B37: USB | C37: 19.09 | D37: ='SAISIE CLIENT ELEC'!L27 -> 4 | E37: =C37*D37 -> 76.36 | F37: =E37*1.2 -> 91.632
A38: 68256 | B38: Enjoliveur | C38: 0.77 | D38: =D37 -> 4 | E38: =C38*D38 -> 3.08 | F38: =E38*1.2 -> 3.696
A39: ? | B39: Plaque de finition | C39: 1.12 | D39: =D37 -> 4 | E39: =C39*D39 -> 4.48 | F39: =E39*1.2 -> 5.376
A40: 80251 | B40: support batibox | C40: 1 | D40: =D38 -> 4 | E40: 1 | F40: =E40*1.2 -> 1.2 | G40: =SUM(C37:C40) -> 21.98
A41: 67083 | B41: Variateur | C41: 48.46 | D41: ='SAISIE CLIENT ELEC'!M27 -> 4 | E41: =C41*D41 -> 193.84 | F41: =E41*1.2 -> 232.608
A42: 65083 | B42: Enjoliveur | C42: 0.77 | D42: ='SAISIE CLIENT ELEC'!M27 -> 4 | E42: =C42*D42 -> 3.08 | F42: =E42*1.2 -> 3.696
A43: 66631 | B43: Plaque de finition | C43: 1.12 | D43: ='SAISIE CLIENT ELEC'!M27 -> 4 | E43: =C43*D43 -> 4.48 | F43: =E43*1.2 -> 5.376
A44: 80251 | B44: support batibox | C44: 1 | D44: ='SAISIE CLIENT ELEC'!M27 -> 4 | E44: 1 | F44: =E44*1.2 -> 1.2 | G44: =SUM(C41:C44) -> 51.35
B46: Total | D46: =SUM(D3:D43) -> 200 | E46: =SUM(E3:E43) -> 748.72 | F46: =E46*1.2 -> 898.464

Sheet PLATRERIE
A1: DOUBLAGE | B1: ='SAISIE TECHNIQUE'!D2 -> 266.5
A4: TOTAL CLOISONS | B4: ='SAISIE TECHNIQUE'!D3 -> 27.5
A5: PLAFOND | B5: ='SAISIE TECHNIQUE'!D6 -> 140
A7: DESIGNATION DOUBLAGE | B7: QTE | C7: PU | D7: TOTAL HT | E7: TOTAL TTC | F7: TOTAL QUANTITE | G7: QTE | H7: PU | I7: TOTAL HT | J7: TOTAL TTC | K7: POSE
A8: FERMACELL | B8: =B1 -> 266.5 | D8: =B8*C8 -> 0 | E8: =D8*1.2 -> 0 | F8: FERMACELL | G8: =B8+B16 -> 294 | H8: 12 | I8: =G8*H8 -> 3528 | J8: =I8*1.2 -> 4233.6
A9: BA 13 | B9: =B1 -> 266.5 | C9: 6 | D9: =B9*C9 -> 1599 | E9: =D9*1.2 -> 1918.8 | F9: BA13 | G9: =B9+B14+B20 -> 434 | H9: 6 | I9: =G9*H9 -> 2604 | J9: =I9*1.2 -> 3124.8
A10: PHONIQUE | B10: =B1 -> 266.5 | C10: 12 | D10: =B10*C10 -> 3198 | E10: =D10*1.2 -> 3837.6 | F10: PHONIQUE | G10: =B10+B15+B21 -> 434 | H10: 12 | I10: =G10*H10 -> 5208 | J10: =I10*1.2 -> 6249.6
A11: OSSATURE SECONDAIRE | B11: =B1 -> 266.5 | D11: =B11*C11 -> 0 | E11: =D11*1.2 -> 0 | F11: TOTAL PLATRERIE | I11: =SUM(I8:I10) -> 11340 | J11: =I10*1.2 -> 6249.6
F12: TOTAL POSE | K12: =SUM(K8:K10) -> 0
A13: DESIGNATION CLOISONS | D13: =B13*C13 -> 0 | E13: =D13*1.2 -> 0
A14: BA 13 | B14: =B4 -> 27.5 | C14: 6 | D14: =B14*C14 -> 165 | E14: =D14*1.2 -> 198 | F14: TOTAL COMPLET | I14: =I12+I11 -> 11340
A15: PHONIQUE | B15: =B4 -> 27.5 | C15: 12 | D15: =B15*C15 -> 330 | E15: =D15*1.2 -> 396
A16: FERMACELL | B16: =B4 -> 27.5 | D16: =B16*C16 -> 0 | E16: =D16*1.2 -> 0
E17: =D17*1.2 -> 0
A18: COFFRAGE | D18: =B18*C18 -> 0 | E18: =D18*1.2 -> 0
A19: PLAFOND | D19: =B19*C19 -> 0 | E19: =D19*1.2 -> 0
A20: BA 13 | B20: =B5 -> 140 | C20: 6 | D20: =B20*C20 -> 840 | E20: =D20*1.2 -> 1008
A21: PHONIQUE | B21: =B5 -> 140 | C21: 12 | D21: =B21*C21 -> 1680 | E21: =D21*1.2 -> 2016

Sheet FINITIONS
A1: DESIGNATION | B1: SURFACE | C1: PU | D1: TOTAL ht | E1: TOTAL TTC | F1: MO | G1: TOTAL TTC
A2: PEINTURE MURS | B2: =PLATRERIE!B1 -> 266.5 | D2: =B2*C2 -> 0 | E2: =D2*1.2 -> 0 | G2: =E2+F2 -> 0 | H2: PIECES | I2: PARQUET | J2: CARRELAGE | K2: FAIENCE | L2: PEINTURE | M2: TOTAUX | N2: TOTAL TTC
A3: PEINTURE CLOISONS | B3: =PLATRERIE!B4 -> 27.5 | D3: =B3*C3 -> 0 | E3: =D3*1.2 -> 0 | G3: =E3+F3 -> 0 | H3: CUISINE
A4: PENTURE PLAFONDS | B4: =PLATRERIE!B5 -> 140 | D4: =B4*C4 -> 0 | E4: =D4*1.2 -> 0 | G4: =E4+F4 -> 0 | H4: CH1
A5: PORTES | D5: =B5*C5 -> 0 | G5: =E5+F5 -> 0 | H5: CH2
G6: =E6+F6 -> 0 | H6: CH3
A7: TOTAL PEINTURE | D7: =SUM(D2:D6) -> 0 | E7: =SUM(E2:E6) -> 0 | F7: =SUM(F2:F6) -> 0 | G7: =SUM(G2:G6) -> 0 | H7: CH4
A8: PARQUET | B8: SURF | C8: QTE | D8: TOTAL HT | E8: TOTAL TTC | F8: MO | G8: TOT TTC | H8: ENTREE
A9: STRATIFIE | B9: =I17 -> 0 | D9: =B9*C9 -> 0 | E9: =D9*1.2 -> 0 | G9: =E9+F9 -> 0 | H9: SDB1
A10: CONTRECOLLE | D10: =B10*C10 -> 0 | E10: =D10*1.2 -> 0 | G10: =E10+F10 -> 0 | H10: SDB2
D11: =B11*C11 -> 0 | H11: WC1
A12: PLINTHES | D12: =B12*C12 -> 0 | H12: WC2
D13: =B13*C13 -> 0 | H13: COMBLE
A14: TOTAL PARQUET | E14: =SUM(E9:E13) -> 0 | F14: =SUM(F9:F13) -> 0 | G14: =SUM(G9:G13) -> 0 | H14: GARAGE
A15: CARRELAGE | B15: SURF | C15: QTE | D15: TOTAL HT | E15: TOTAL TTC | F15: MO | G15: TOTAL TTC | H15: JARDIN
A16: FAIENCE MURAL | B16: =J17 -> 0 | D16: =B16*C16 -> 0 | E16: =D16*1.2 -> 0 | G16: =E16*F16 -> 0 | H16: SALON
A17: CARRELAGE SOLS | B17: =J17 -> 0 | D17: =B17*C17 -> 0 | E17: =D17*1.2 -> 0 | G17: =E17*F17 -> 0 | H17: TOTAL | I17: =SUM(I3:I16) -> 0 | J17: =SUM(J3:J16) -> 0 | K17: =SUM(K3:K16) -> 0 | L17: X
D18: =B18*C18 -> 0 | H18: P UNITAIRE
D19: =B19*C19 -> 0 | H19: TOTAL HT | I19: =I17*I18 -> 0 | J19: =J17*J18 -> 0 | K19: =K17*K18 -> 0 | L19: =D7 -> 0 | M19: =SUM(I19:L19) -> 0 | N19: =M19*1.2 -> 0
D20: =B20*C20 -> 0
A21: TOTAL CARRELAGE | E21: =SUM(E16:E20) -> 0 | F21: =SUM(F16:F20) -> 0 | G21: =SUM(G16:G20) -> 0
A22: TOTAL FINITIONS | G22: =G7+G14+G20 -> 0

Sheet MENUISERIES INTER
A1: DESIGNATION | B1: QTE | C1: PU | D1: MONTANT HT
A2: ESCALIER 1 QUART TOURNANT | D2: =B2*C2 -> 0
A3: ESCALIER 2 QUART TOURNANT | D3: =B3*C3 -> 0
A4: PORTES ISOPLANE POST FORME 63 | D4: =B4*C4 -> 0
A5: PORTES ISOPLANE POST FORME 73 | D5: =B5*C5 -> 0
A6: PORTES ISOPLANE POST FORME 83 | D6: =B6*C6 -> 0
A7: PORTES ISOPLANE POST FORME 93 | D7: =B7*C7 -> 0
A8: PEINTURES PORTES | B8: =SUM(B4:B7) -> 0 | C8: 180 | D8: =B8*C8 -> 0
D9: =B9*C9 -> 0
D10: =B10*C10 -> 0
D11: =B11*C11 -> 0
D12: =B12*C12 -> 0
D13: =B13*C13 -> 0
D14: =B14*C14 -> 0
D15: =B15*C15 -> 0
D16: =B16*C16 -> 0
D17: =B17*C17 -> 0
A18: TOTAL HT | D18: =SUM(D2:D17) -> 0
A19: TOTAL TTC | D19: =D18*1.2 -> 0

Sheet RECAP PAR LOTS
A1: DESIGNATION
A2: Etude de Faisabilité Et Postes a Provisionner | B2: ='Devis Ventes'!F10 -> 5300
A3: Necessite Primaire De Mise En Place du Chantier | B3: ='Devis Ventes'!F23 -> 2230
A4: Voirie Et Réseaux Divers | B4: ='Devis Ventes'!F30 -> 6625
A5: Terrasement | B5: ='Devis Ventes'!F39 -> 8788.6
A6: FONDATIONS | B6: ='Devis Ventes'!F48 -> 8500
A7: Maçonnerie | B7: ='Devis Ventes'!F60 -> 0
A8: STRUCTURE BOIS | B8: ='Devis Ventes'!F65 -> 70612.5
A9: PAREMENTS EXTERIEUR | B9: ='Devis Ventes'!F71 -> 0
A10: Menuiseries Interieures | B10: ='Devis Ventes'!F74 -> 690
A11: Electricité | B11: ='Devis Ventes'!F81 -> 5010
A12: Peintures Intérieures | B12: ='Devis Ventes'!F110 -> 13482
A13: PLATERIE | B13: ='Devis Ventes'!F102 -> 25813
A14: Sanitaire | B14: ='Devis Ventes'!F116 -> 4560
A15: Revetement de sols | B15: ='Devis Ventes'!F127 -> 3850
A16: Isolation | B16: ='Devis Ventes'!F137 -> 0
A17: Vegetalisations des toitures-terasses | B17: ='Devis Ventes'!F147 -> 0
A18: ETANCHEITE TOIT | B18: ='Devis Ventes'!F150 -> 13450
A19: COUVERTURE | B19: ='Devis Ventes'!F157 -> 0
A20: SYSTÈME DE CHAUFFAGE | B20: ='Devis Ventes'!F159 -> 8500
A21: Systèmes de ventilation | B21: ='Devis Ventes'!F166 -> 790
A22: Menuiserie Extérieur TYPE BOIS/ALU MC FRANCE | B22: ='Devis Ventes'!F171 -> 0
A23: Transport et Grutage | B23: ='Devis Ventes'!F168 -> 4400
A24: TOTAL HT | B24: =SUM(B2:B23) -> 182601.1
A25: TVA | B25: =B24*0.2 -> 36520.22
A26: TOTAL TTC | B26: =B24*1.2 -> 219121.32

Sheet DEVIS VENTE
A2: Ligne | B2: Désignation | C2: unité | D2: Qté | E2: Pv ht | F2: Total ht | G2: TX
A3: 1 | B3: Etude de Faisabilité Et Postes a Provisionner
A4: 1 | B4: Avant Projet Sommaire | C4: U | D4: ='Devis Ventes'!D11 -> 1 | E4: ='Devis Ventes'!E11 -> 4500 | F4: =D4*E4 -> 4500 | G4: 20
A5: 2 | B5: Etude Thermique | C5: U | D5: ='Devis Ventes'!D12 -> 1 | E5: ='Devis Ventes'!E12 -> 300 | F5: =D5*E5 -> 300 | G5: 20
A6: 3 | B6: Etude Structure | C6: U | D6: ='Devis Ventes'!D13 -> 1 | E6: ='Devis Ventes'!E13 -> 200 | F6: =D6*E6 -> 200 | G6: 20
A7: 4 | B7: Etude De Sol | C7: U | D7: ='Devis Ventes'!D14 -> 1 | E7: ='Devis Ventes'!E14 -> 0 | F7: =D7*E7 -> 0 | G7: 20
A8: 5 | B8: Etude de Parcelle Géomètre | C8: U | D8: ='Devis Ventes'!D15 -> 1 | E8: ='Devis Ventes'!E15 -> 0 | F8: =D8*E8 -> 0 | G8: 20
A9: 6 | B9: Attestation B.bio | C9: U | D9: ='Devis Ventes'!D16 -> 1 | E9: ='Devis Ventes'!E16 -> 0 | F9: =D9*E9 -> 0 | G9: 20
A10: 7 | B10: Dossier Permis de Construire | C10: U | D10: ='Devis Ventes'!D17 -> 1 | E10: ='Devis Ventes'!E17 -> 0 | F10: =D10*E10 -> 0 | G10: 20
A11: 8 | B11: Assurances Dommage-ouvrage | C11: U | D11: ='Devis Ventes'!D18 -> 1 | E11: ='Devis Ventes'!E18 -> 0 | F11: =D11*E11 -> 0 | G11: 20
A12: 9 | B12: ENEDIS Raccordement et Mise en place Compteur definitif | C12: U | D12: ='Devis Ventes'!D19 -> 1 | E12: ='Devis Ventes'!E19 -> 0 | F12: =D12*E12 -> 0 | G12: 20
A13: 10 | B13: Compagnie des Eaux pose du compteur en limite de propriété | C13: U | D13: ='Devis Ventes'!D20 -> 1 | E13: ='Devis Ventes'!E20 -> 0 | F13: =D13*E13 -> 0 | G13: 20
A14: 11 | B14: Orange Raccordement de la Fibre | C14: U | D14: ='Devis Ventes'!D21 -> 1 | E14: ='Devis Ventes'!E21 -> 0 | F14: =D14*E14 -> 0 | G14: 20
A15: 12 | B15: Consuel pour validation de l'installation electrique | C15: U | D15: ='Devis Ventes'!D22 -> 1 | E15: ='Devis Ventes'!E22 -> 0 | F15: =D15*E15 -> 0 | G15: 20
B16: SOUS TOTAL Etude | F16: =SUM(F4:F15) -> 5000 | G16: 20
A17: 2 | B17: Necessite Primaire De Mise En Place du Chantier | D17: ='Devis Ventes'!D23 -> 0 | G17: 20
A18: 14 | B18: Installation De Chantier | C18: U | D18: ='Devis Ventes'!D24 -> 3 | E18: ='Devis Ventes'!E24 -> 500 | F18: =D18*E18 -> 1500 | G18: 20
A19: 15 | B19: Clôture De Chantier | C19: ML | D19: ='Devis Ventes'!D25 -> 1 | E19: ='Devis Ventes'!E25 -> 200 | F19: =D19*E19 -> 200 | G19: 20
A20: 16 | B20: Sanitaire De Chantier | C20: U | D20: ='Devis Ventes'!D26 -> 1 | E20: ='Devis Ventes'!E26 -> 0 | F20: =D20*E20 -> 0 | G20: 20
A21: 17 | B21: Coffret Et Compteur De Chantier | C21: U | D21: ='Devis Ventes'!D27 -> 1 | E21: ='Devis Ventes'!E27 -> 0 | F21: =D21*E21 -> 0 | G21: 20
A22: 18 | B22: Pose Et Dépose D'un Echaffaudage Sécurisé | C22: M2 | D22: ='Devis Ventes'!D28 -> 2.5 | E22: ='Devis Ventes'!E28 -> 12 | F22: =D22*E22 -> 30 | G22: 20
A23: 19 | B23: Nettoyage De Chantier Interieur Et Exterieur Aux Abords De La Construction | C23: U | D23: ='Devis Ventes'!D29 -> 1 | E23: ='Devis Ventes'!E29 -> 500 | F23: =D23*E23 -> 500 | G23: 20
B24: SOUS TOTAL Mise en place | F24: =SUM(F18:F23) -> 2230 | G24: 20
A25: 3 | B25: Voirie Et Réseaux Divers | D25: ='Devis Ventes'!D30 -> 0 | G25: 20
A26: 21 | B26: Fourniture et pose Gaine pour électricité | C26: ML | D26: ='Devis Ventes'!D31 -> 20 | E26: ='Devis Ventes'!E31 -> 0 | F26: =D26*E26 -> 0 | G26: 20
A27: 22 | B27: Fourniture et pose Gaine pour arrivée generale d'eau pe 25 | C27: ML | D27: ='Devis Ventes'!D32 -> 20 | E27: ='Devis Ventes'!E32 -> 60 | F27: =D27*E27 -> 1200 | G27: 20
A28: 23 | B28: Fourniture et pose Regard pied de chute EP en béton 400*400 avec tampon | C28: U | D28: ='Devis Ventes'!D33 -> 2 | E28: ='Devis Ventes'!E33 -> 0 | F28: =D28*E28 -> 0 | G28: 20
A29: 24 | B29: Fourniture et pose boite de Branchement canalisations eaux usées, vannes et pluviales sur regard existant | C29: U | D29: ='Devis Ventes'!D34 -> 2 | E29: ='Devis Ventes'!E34 -> 150 | F29: =D29*E29 -> 300 | G29: 20
A30: 25 | B30: Fourniture et pose d'une évacuation EU de type assainissement en partie enterré | C30: ML | D30: ='Devis Ventes'!D35 -> 20 | E30: ='Devis Ventes'!E35 -> 120 | F30: =D30*E30 -> 2400 | G30: 20
A31: 27 | B31: Fourniture et pose d'une descente EP en pvc | C31: ML | D31: ='Devis Ventes'!D36 -> 6.5 | E31: ='Devis Ventes'!E36 -> 110 | F31: =D31*E31 -> 715 | G31: 20
A32: 28 | B32: Fourniture et pose d'une gouttiere en pvc | C32: ML | D32: ='Devis Ventes'!D37 -> 16 | E32: ='Devis Ventes'!E37 -> 110 | F32: =D32*E32 -> 1760 | G32: 20
A33: 29 | B33: Fourniture et pose d'une boite a eau sur toit terasse | C33: U | D33: ='Devis Ventes'!D38 -> 1 | E33: ='Devis Ventes'!E38 -> 250 | F33: =D33*E33 -> 250 | G33: 20
B34: SOUS TOTAL VRD | F34: =SUM(F26:F33) -> 6625 | G34: 20
A35: 4 | B35: Terrasement | D35: ='Devis Ventes'!D39 -> 0 | G35: 20
A36: 31 | B36: Implantation avant terrassement | C36: U | D36: ='Devis Ventes'!D40 -> 1 | E36: ='Devis Ventes'!E40 -> 550 | F36: =D36*E36 -> 550 | G36: 20
A37: 32 | B37: Décapage de la terre végétale pour création de la plateforme | C37: M3 | D37: ='Devis Ventes'!D41 -> 75.6 | E37: ='Devis Ventes'!E41 -> 45 | F37: =D37*E37 -> 3402 | G37: 20
A38: 33 | B38: Terrassement pour plot beton permettant la réalisation d'une cloture | C38: M3 | D38: ='Devis Ventes'!D42 -> 0 | E38: ='Devis Ventes'!E42 -> 0 | F38: =D38*E38 -> 0 | G38: 20
A39: 34 | B39: Réalisation d'une tranchée à l'engin mecanique prof hors gel pour arrivée eau | C39: M3 | D39: ='Devis Ventes'!D43 -> 20 | E39: ='Devis Ventes'!E43 -> 45 | F39: =D39*E39 -> 900 | G39: 20
A40: 35 | B40: Réalisation d'une tranchée pour réseaux secs(Fibre,ptt,electricité) | C40: M3 | D40: ='Devis Ventes'!D44 -> 20 | E40: ='Devis Ventes'!E44 -> 45 | F40: =D40*E40 -> 900 | G40: 20
A41: 36 | B41: Réalisation d'une tranchée à l'engin mécanique pour fouilles des semelles filantes | C41: M3 | D41: ='Devis Ventes'!D45 -> 41 | E41: ='Devis Ventes'!E45 -> 45 | F41: =D41*E41 -> 1845 | G41: 20
A42: 37 | B42: Réalisation Fouilles en tranchées à l'engin mécanique largeur 0,40 m, profondeur 0,60 m pour réalisation évacuation EU | C42: M3 | D42: ='Devis Ventes'!D46 -> 20 | E42: ='Devis Ventes'!E46 -> 45 | F42: =D42*E42 -> 900 | G42: 20
A43: 38 | B43: Réalisation Fouilles en tranchées à l'engin mécanique largeur 0,40 m, profondeur 0,60 m pour réalisation évacuation EP | C43: M3 | D43: ='Devis Ventes'!D47 -> 6.48 | E43: ='Devis Ventes'!E47 -> 45 | F43: =D43*E43 -> 291.6 | G43: 20
B44: SOUS TOTAL Terassement | F44: =SUM(F36:F43) -> 8788.6 | G44: 20
A45: 5 | B45: FONDATIONS | D45: ='Devis Ventes'!D48 -> 0 | G45: 20
A46: 40 | B46: Fourniture et Pose Massif de fondation pour poteaux | C46: M3 | D46: ='Devis Ventes'!D49 -> 0 | E46: ='Devis Ventes'!E49 -> 0 | F46: =D46*E46 -> 0 | G46: 20
A47: 41 | B47: Fourniture et Pose Semelles de fondation filantes | C47: M3 | D47: ='Devis Ventes'!D50 -> 0 | E47: ='Devis Ventes'!E50 -> 66.2 | F47: =D47*E47 -> 0 | G47: 20
A48: 42 | B48: Mise en place de pieux pour fondations | C48: U | D48: ='Devis Ventes'!D51 -> 0 | E48: ='Devis Ventes'!E51 -> 0 | F48: =D48*E48 -> 0 | G48: 20
A49: 43 | B49: Réalisation Chaînage horizontal sur murs de soubassement (compris coffrages et aciers) | C49: ML | D49: ='Devis Ventes'!D52 -> 0 | E49: ='Devis Ventes'!E52 -> 0 | F49: =D49*E49 -> 0 | G49: 20
A50: 44 | B50: Réalisation Dallage de sous sol et terre plein epaisseur 10 cms | C50: M3 | D50: ='Devis Ventes'!D53 -> 0 | E50: ='Devis Ventes'!E53 -> 0 | F50: =D50*E50 -> 0 | G50: 20
A51: 45 | B51: Réalisation Radier de 20 cm | C51: M3 | D51: ='Devis Ventes'!D54 -> 0 | E51: ='Devis Ventes'!E54 -> 0 | F51: =D51*E51 -> 0 | G51: 20
A52: 46 | B52: Réalisation Béton de propreté (ep=5 cm) | C52: M3 | D52: ='Devis Ventes'!D55 -> 0 | E52: ='Devis Ventes'!E55 -> 0 | F52: =D52*E52 -> 0 | G52: 20
A53: 47 | B53: Fourniture et pose d'un plancher poutrelle hourdis polystirene rup à | C53: M2 | D53: ='Devis Ventes'!D56 -> 0 | E53: ='Devis Ventes'!E56 -> 0 | F53: =D53*E53 -> 0 | G53: 20
A54: 48 | B54: Realisation d'une dalle beton sur hourdis polystirene ep 5 cm | C54: M3 | D54: ='Devis Ventes'!D57 -> 0 | E54: ='Devis Ventes'!E57 -> 34.478571 | F54: =D54*E54 -> 0 | G54: 20
A55: 49 | B55: Fourniture et pose Enduit d'imperméabilisation pour partie enterrée | C55: M2 | D55: ='Devis Ventes'!D58 -> 0 | E55: ='Devis Ventes'!E58 -> 35 | F55: =D55*E55 -> 0 | G55: 20
A56: 50 | B56: Fourniture et Pose d'un drain peripherique avec son feutre geotextile pour évacuation des eaux de ruisselement | C56: Ml | D56: ='Devis Ventes'!D59 -> 41 | E56: ='Devis Ventes'!E59 -> 0 | G56: 20
B57: SOUS TOTAL Fondations | F57: =SUM(F46:F55) -> 0 | G57: 20
A58: 6 | B58: Maçonnerie | D58: ='Devis Ventes'!D60 -> 0 | G58: 20
A59: 51 | B59: Mur en béton banché de 20 cms incluant le coulage d'un beton fluide autoplacant | C59: M2 | D59: ='Devis Ventes'!D61 -> 0 | E59: ='Devis Ventes'!E61 -> 109.5 | F59: =D59*E59 -> 0 | G59: 20
A60: 52 | B60: Seuil en béton lissé devant porte d'entrée, de garage et de service | C60: U | D60: ='Devis Ventes'!D62 -> 0 | E60: ='Devis Ventes'!E62 -> 0 | F60: =D60*E60 -> 0 | G60: 20
A61: 53 | B61: Chaînage horizontal sur murs de soubassement (compris coffrages et aciers) | C61: ML | D61: ='Devis Ventes'!D63 -> 0 | E61: ='Devis Ventes'!E63 -> 0 | F61: =D61*E61 -> 0 | G61: 20
A62: 54 | B62: Marche escalier droite béton largeur 90 cm | C62: U | D62: ='Devis Ventes'!D64 -> 0 | E62: ='Devis Ventes'!E64 -> 0 | F62: =D62*E62 -> 0 | G62: 20
B63: SOUS TOTAL Maconnerie | F63: =SUM(F59:F62) -> 0 | G63: 20
A64: 7 | B64: STRUCTURE BOIS | D64: ='Devis Ventes'!D65 -> 0 | G64: 20
A65: 56 | B65: MURS :Complexe de murs inclunat la structure de murs montant 45*145 ,un isolant en laine de roche ep 145 mm r sup a un pare vapeur sd sup à 90 un tasseau de 22mm , un écran pare pluie agraffé, un panneau de contreventement ep 12mm+une surisolation 80mm r sup a POUR UN R TOTAL DE | C65: M2 | D65: ='Devis Ventes'!D66 -> 266.5 | E65: ='Devis Ventes'!E66 -> 125 | F65: =D65*E65 -> 33312.5 | G65: 20
A66: 57 | B66: PLANCHER INTERMEDIARE : un solivage bois incluant son isolant ainsi que son panneau osb ep 18mm | C66: M2 | D66: ='Devis Ventes'!D67 -> 70 | E66: ='Devis Ventes'!E67 -> 90 | F66: =D66*E66 -> 6300 | G66: 20
A67: 58 | B67: TOIT TERASSE : un solivage bois incluant sa dalle OSB 18 MM un isolant steico 180mm entre solives +100mm laine de bois sur menbranne EPDM POUR UN R TOTAL DE | C67: M2 | D67: ='Devis Ventes'!D68 -> 70 | E67: ='Devis Ventes'!E68 -> 120 | F67: =D67*E67 -> 8400 | G67: 20
A68: 59 | B68: Pose par Equipe qualifiée de l'ensemble de la structure Bois | D68: ='Devis Ventes'!D69 -> 0 | E68: ='Devis Ventes'!E69 -> 0 | G68: 20
B69: SOUS TOTAL Structure bois | F69: =SUM(F65:F67) -> 48012.5 | G69: 20
A70: 8 | B70: PAREMENTS EXTERIEURS | D70: ='Devis Ventes'!D71 -> 0 | G70: 20
A71: 60 | B71: Fourniture et pose d'un bardage a griser de type douglas | C71: M2 | D71: ='Devis Ventes'!D72 -> 0 | E71: ='Devis Ventes'!E72 -> 90 | F71: =D71*E71 -> 0 | G71: 20
A72: 61 | B72: Réalisation d'un crepis taloché sur support d'enduit de type laine de roche | C72: M2 | D72: ='Devis Ventes'!D73 -> 0 | E72: ='Devis Ventes'!E73 -> 90 | F72: =D72*E72 -> 0 | G72: 20
B73: SOUS TOTAL Parements Ext | D73: ='Devis Ventes'!#REF! -> #REF! | F73: =SUM(F71:F72) -> 0 | G73: 20
A74: 9 | B74: Menuiseries Interieures | D74: ='Devis Ventes'!D74 -> 0 | G74: 20
A75: 63 | B75: Fourniture et pose Escalier droit volée compléte avec marches et contremarches | C75: U | D75: ='Devis Ventes'!D75 -> 0 | E75: ='Devis Ventes'!E75 -> 0 | F75: =D75*E75 -> 0 | G75: 20
A76: 64 | B76: Fourniture et pose Escalier 1/4 tournant volée complète avec marches et contremarches | C76: U | D76: ='Devis Ventes'!D76 -> 0 | E76: ='Devis Ventes'!E76 -> 0 | F76: =D76*E76 -> 0 | G76: 20
A77: 65 | B77: Pose Bloc porte bois, porte postformée prépeinte de 63*204 | C77: U | D77: ='Devis Ventes'!D77 -> 1 | E77: ='Devis Ventes'!E77 -> 230 | F77: =D77*E77 -> 230 | G77: 20
A78: 66 | B78: Pose Bloc porte bois, porte postformée prépeinte de 73*204 | C78: U | D78: ='Devis Ventes'!D78 -> 1 | E78: ='Devis Ventes'!E78 -> 230 | F78: =D78*E78 -> 230 | G78: 20
A79: 67 | B79: Pose Bloc porte bois, porte postformée prépeinte de 73*204 | C79: U | D79: ='Devis Ventes'!D79 -> 1 | E79: ='Devis Ventes'!E79 -> 230 | F79: =D79*E79 -> 230 | G79: 20
A80: 68 | B80: Pose Porte a galandage | C80: U | D80: ='Devis Ventes'!D80 -> 0 | E80: ='Devis Ventes'!E80 -> 0 | F80: =D80*E80 -> 0 | G80: 20
B81: SOUS TOTAL Menuiseries Interieures | F81: =SUM(F75:F80) -> 690 | G81: 20
A82: 10 | B82: Electricité | D82: ='Devis Ventes'!D81 -> 0 | G82: 20
A83: 70 | B83: Fourniture & pose d'un interrupteur Celiane | C83: U | D83: ='Devis Ventes'!D82 -> 3 | E83: ='Devis Ventes'!E82 -> 90 | F83: =D83*E83 -> 270 | G83: 20
A84: 71 | B84: Fourniture et pose d'un va et vient Celiane | C84: U | D84: ='Devis Ventes'!D83 -> 2 | E84: ='Devis Ventes'!E83 -> 90 | F84: =D84*E84 -> 180 | G84: 20
A85: 72 | B85: Fourniture & Pose d'un Bouton poussoire Celiane | C85: U | D85: ='Devis Ventes'!D84 -> 3 | E85: ='Devis Ventes'!E84 -> 90 | F85: =D85*E85 -> 270 | G85: 20
A86: 73 | B86: Fourniture et pose d'une prise de courant Celiane | C86: U | D86: ='Devis Ventes'!D85 -> 9 | E86: ='Devis Ventes'!E85 -> 90 | F86: =D86*E86 -> 810 | G86: 20
A87: 74 | B87: Fourniture et pose d'un point lumineux en applique exterieure | C87: U | D87: ='Devis Ventes'!D86 -> 0 | E87: ='Devis Ventes'!E86 -> 90 | F87: =D87*E87 -> 0 | G87: 20
A88: 75 | B88: Fourniture & Pose d'un variateur Celiane | C88: U | D88: ='Devis Ventes'!D87 -> 4 | E88: ='Devis Ventes'!E87 -> 140 | F88: =D88*E88 -> 560 | G88: 20
A89: 76 | B89: Fourniture & Pose d'une prise R45J Celiane | C89: U | D89: ='Devis Ventes'!D88 -> 5 | E89: ='Devis Ventes'!E88 -> 110 | F89: =D89*E89 -> 550 | G89: 20
A90: 77 | B90: Fourniture & Pose d'une Prise usb Celiane | C90: U | D90: ='Devis Ventes'!D89 -> 4 | E90: ='Devis Ventes'!E89 -> 110 | F90: =D90*E90 -> 440 | G90: 20
A91: 78 | B91: Branchement Volet Roulant Celiane | C91: U | D91: ='Devis Ventes'!D90 -> 8 | E91: ='Devis Ventes'!E90 -> 110 | F91: =D91*E91 -> 880 | G91: 20
A92: 79 | B92: Fourniture et pose d'une prise commandée | C92: U | D92: ='Devis Ventes'!D91 -> 5 | E92: ='Devis Ventes'!E91 -> 110 | F92: =D92*E92 -> 550 | G92: 20
A93: 80 | B93: Fourniture et pose d'un thermostat | C93: U | D93: ='Devis Ventes'!D92 -> 2 | E93: ='Devis Ventes'!E92 -> 140 | F93: =D93*E93 -> 280 | G93: 20
A94: 81 | B94: Fourniture et pose Radiateur séche serviettes 1500 W | C94: U | D94: ='Devis Ventes'!D93 -> 0 | E94: ='Devis Ventes'!E93 -> 0 | F94: =D94*E94 -> 0 | G94: 20
A95: 82 | B95: Fourniture et pose d'un spot encastré pour pieces humides SDB PARENTS | C95: U | D95: ='Devis Ventes'!D94 -> 0 | E95: ='Devis Ventes'!E94 -> 120 | F95: =D95*E95 -> 0 | G95: 20
A96: 82b | B96: Fourniture et Pose de spots encastrés incluant son interrupteur | D96: ='Devis Ventes'!D95 -> 0 | E96: ='Devis Ventes'!E95 -> 0
D97: ='Devis Ventes'!#REF! -> #REF! | E97: ='Devis Ventes'!#REF! -> #REF!
A98: 83 | B98: Alimentation plaque de cuisson | C98: U | D98: ='Devis Ventes'!D96 -> 1 | E98: ='Devis Ventes'!E96 -> 110 | F98: =D98*E98 -> 110 | G98: 20
A99: 84 | B99: Alimentation VMC | C99: U | D99: ='Devis Ventes'!D97 -> 1 | E99: ='Devis Ventes'!E97 -> 110 | F99: =D99*E99 -> 110 | G99: 20
A100: 85 | B100: Fourniture et pose d'un tableau suivant dimensionnement incluant les interrupteurs differentiels raccordés ainsi que son dijoncteur generale | C100: U | D100: ='Devis Ventes'!D98 -> 1 | E100: ='Devis Ventes'!E98 -> 0 | F100: =D100*E100 -> 0 | G100: 20
A101: 86 | B101: Fourniture et pose d'un coffret DTI pour gestion des prises RJ 45 | C101: U | D101: ='Devis Ventes'!D99 -> 1 | E101: ='Devis Ventes'!E99 -> 0 | F101: =D101*E101 -> 0 | G101: 20
...

Sheet ALLEE
A1: ALLEE GRAVIER | B1: SURF | C1: PU | D1: TOTAL
A2: FEUTRE GEO TEXTILE | B2: =TERASSEMENT!C10 -> 0
A3: DALLE | B3: =TERASSEMENT!C10 -> 0
A4: GRAVIER DE FONDATION | B4: =TERASSEMENT!C10 -> 0
A5: STABILISATEUR | B5: =TERASSEMENT!C10 -> 0
A6: GRAVIER DE SURFACE | B6: =TERASSEMENT!C10 -> 0
A7: MOEUVRE
A9: TOTAL | D9: =SUM(D2:D8) -> 0
A10: SABLE STABILISE | B10: SURF | C10: PU | D10: TOTAL
A18: TOTAL
A19: EVERGREEN | B19: SURF | C19: PU | D19: TOTAL
A24: TOTAL

Sheet DALLE
A1: OBJET | B1: PU | C1: QTE | D1: TOTAL HT | E1: TOTAL TTC
A2: POUTRELLE KP1 | C2: ='SAISIE TECHNIQUE'!#REF! -> #REF! | D2: =B2*C2 -> #REF! | E2: =D2*1.2 -> #REF!
A3: ISO PLU POUR PLANCHER CHAUFFANT | C3: ='SAISIE TECHNIQUE'!#REF! -> #REF! | D3: =B3*C3 -> #REF! | E3: =D3*1.2 -> #REF!
A4: CHAPPE FLUIDE CIMENT | B4: 21 | C4: ='SAISIE TECHNIQUE'!#REF! -> #REF! | D4: =B4*C4 -> #REF! | E4: =D4*1.2 -> #REF!
D5: =B5*C5 -> 0 | E5: =D5*1.2 -> 0
A6: TOTAL TTC | D6: =SUM(D2:D5) -> #REF! | E6: =SUM(E2:E5) -> #REF!
A7: DALLE BOIS | B7: PU | C7: QTE | D7: TOTAL HT | E7: TOTAL TTC
A8: SOLIVAGE + OSB | C8: ='SAISIE TECHNIQUE'!#REF! -> #REF! | D8: =B8*C8 -> #REF! | E8: =D8*1.2 -> #REF!
A9: ISO LAINE DE BOIS | C9: ='SAISIE TECHNIQUE'!#REF! -> #REF! | D9: =B9*C9 -> #REF! | E9: =D9*1.2 -> #REF!
A10: PARE VAPEUR | C10: ='SAISIE TECHNIQUE'!#REF! -> #REF! | D10: =B10*C10 -> #REF! | E10: =D10*1.2 -> #REF!
D11: =B11*C11 -> 0 | E11: =D11*1.2 -> 0
D12: =B12*C12 -> 0 | E12: =D12*1.2 -> 0
A13: TOTAL TTC | E13: =SUM(E8:E12) -> #REF!

Sheet STRUCTURE BOIS OA
A1: HTR MURS | B1: 2.6 | F1: RAMPANTS
A2: PERIMETRE | B2: ='SAISIE TECHNIQUE'!#REF! -> #REF! | F2: PLANCHER 1 | G2: ='SAISIE TECHNIQUE'!#REF! -> #REF!
A3: SURFACE MURS | B3: =B1*B2 -> #REF! | F3: PLANCHER 2 | G3: ='SAISIE TECHNIQUE'!#REF! -> #REF!
A4: DESIGNATION | B4: QTE | C4: P.U ML/M2 | D4: TOTAL HT | E4: TOTAL TTC | F4: DALLE | G4: ='SAISIE TECHNIQUE'!#REF! -> #REF!
A5: IMPLANTATION LISSES | B5: ='SAISIE TECHNIQUE'!#REF! -> #REF! | C5: 16 | D5: =B5*C5 -> #REF! | E5: =D5*1.2 -> #REF! | F5: TOIT TERRASSE | G5: ='SAISIE TECHNIQUE'!#REF! -> #REF!
A6: MURS OPTION BARDAGE INCLUANT Montant 45/145 iso laine de bois STEICO Panneau de contreventement Ossature secondaire (tasseaux) Pare pluie tasseau support de bardage | B6: =B3 -> #REF! | C6: 83 | D6: =B6*C6 -> #REF! | E6: =D6*1.2 -> #REF!
A7: MURS OPTION CREPIS INCLUANT Montant 45/145 iso laine de bois STEICO Panneau de contreventement Ossature secondaire (tasseaux) Iso support d'enduit laine de bois visses sur montant ep | B7: =B3 -> #REF! | C7: 106 | D7: =B7*C7 -> #REF! | E7: =D7*1.2 -> #REF!
A8: Mise en place d'un pare vapeur | B8: =B3 -> #REF! | C8: 7 | D8: =B8*C8 -> #REF! | E8: =D8*1.2 -> #REF!
A9: POSE DE BARDAGE INCLUANT: Cornieres d'angles grille anti rongeur | B9: =B3 -> #REF! | C9: 11 | D9: =B9*C9 -> #REF! | E9: =D9*1.2 -> #REF!
A10: Realisation d'un crepis taloche | B10: =B3 -> #REF! | C10: 50 | D10: =B10*C10 -> #REF! | E10: =D10*1.2 -> #REF!
A11: PLANCHERS INTERMEDIAIRE INCLUANT | B11: =G2 -> #REF! | C11: 186 | D11: =B11*C11 -> #REF! | E11: =D11*1.2 -> #REF!
A12: DALLE BOIS INCLUANT Fond de dalle osb Isolant laine de bois ep Poutre en I Suivant portée Pare vapeur | B12: =G4 -> #REF! | D12: =B12*C12 -> #REF! | E12: =D12*1.2 -> #REF!
A13: TOITURE TERASSE INCLUANT Dalle osb en fond de caisson Dalle osb support exterieur Isolant Laine de bois ep pare vapeur poutre en I suivant portée | B13: =G4 -> #REF! | C13: 143 | D13: =B13*C13 -> #REF! | E13: =D13*1.2 -> #REF!
A14: ETANCHEITE TOITURE TERASSE INCLUANT: Pose d'une membranne EPDM avec ses relevés d'acroteres | B14: =G5 -> #REF! | D14: =B14*C14 -> #REF! | E14: =D14*1.2 -> #REF!
A15: POSE DE SORTIE DE TOIT POUR : Ventilation primaire colonne d'évacuation Hotte | D15: =B15*C15 -> 0 | E15: =D15*1.2 -> 0
A16: POSE DES BOITES A EAU RACCORDES AUX DESCENTES EP | D16: =B16*C16 -> 0 | E16: =D16*1.2 -> 0
A17: FOURNITURE ET POSE DE COUVERTINES
A18: VEGETALISATION DE TOITURE INCLUANT: Fourniture de Sedum | B18: =G5 -> #REF! | C18: 43 | D18: =B18*C18 -> #REF! | E18: =D18*1.2 -> #REF!
A19: TOITURE RAMPANTS INCLUANT: Panne faitiere avec encoche queue d'arond pour reception chevrons Pignons de murs | B19: =G1 -> 0 | D19: =B19*C19 -> 0 | E19: =D19*1.2 -> 0
A20: POSE DE FENETRES | B20: 10 | C20: 280 | D20: =B20*C20 -> 2800 | E20: =D20*1.2 -> 3360
A21: POSE DES HABILLAGES DE FENETRES EN ALU | D21: =B21*C21 -> 0 | E21: =D21*1.2 -> 0
D22: =B22*C22 -> 0 | E22: =D22*1.2 -> 0
A23: MAIN D'œuvre pour 5 JOURS D'intervention | D23: 3500 | E23: =D23*1.2 -> 4200
A24: TRANSPORTS | D24: 2500 | E24: =D24*1.2 -> 3000
A25: LEVAGE | D25: 3000 | E25: =D25*1.2 -> 3600
A26: TOTAL HT | D26: =SUM(D5:D25) -> #REF! | E26: =SUM(E5:$E$25) -> #REF!
A27: MONTANT TVA | D27: =D26*0.2 -> #REF!
A28: TOTAL TTC | D28: =D26*1.2 -> #REF!

Sheet STRUCTURE BOIS
A1: Maison ossature bois | B1: Quantité | D1: Prix | E1: Total | F1: OBJET | G1: QUANTITE | H1: MONTANT
A2: montant traverse et lisses 45/145 | B2: 1 | C2: m² | D2: 83.75 | E2: 83.75 | F2: MURS | H2: =D2 -> 83.75
A3: pare pluie | F3: LISSE | H3: =D8 -> 15.95
A4: liteaux 25/38 | F4: OPTION BARDAGE | H4: =D9 -> 72.11
A5: Isolant MB rock en 145 laine de roche | F5: OPTION CREPIS
A6: pare vapeur | F6: PLANCHER | H6: =186 -> 186
A7: OSB3 en 12 mm | F7: TOIT TERASSE | H7: 143
A8: lisse d'implantation Cl4 + bande d'arase | B8: 1 | C8: ml | D8: 15.95 | E8: 15.95 | F8: VEGETALISATION
A9: Bardage lasuré gris ou peint | B9: 1 | C9: m² | D9: 72.11 | E9: 72.11
A10: grille antirongeur
A12: Mur d'ossature avec isolant exterieur prêt à enduire
A13: montant traverse et lisses 45/145 | B13: 1 | C13: m² | D13: 106.26 | E13: 106.26
A14: Isolant ecorock en 120 pose visée
A15: profil de départ
A16: Isolant MB rock en 145 laine de roche
A17: pare vapeur
A18: OSB3 en 12 mm
A19: lisse d'implantation Cl4 + bande d'arase | B19: 1 | C19: ml | D19: 15.95 | E19: 15.95
A21: Mur d'ossature pour garage
A22: montant traverse et lisses 45/145 | B22: 1 | C22: m² | D22: 59.75 | E22: 59.75
A23: Isolant ecorock en 120 pose visée
A24: profil de départ
A25: OSB3 en 12 mm
A26: lisse d'implantation Cl4 + bande d'arase | B26: 21.5 | C26: ml | D26: 15.95 | E26: 342.93
A28: Plancher y compris refend | B28: 1 | C28: m² | D28: 186.26 | E28: 186.26
A29: laméllé collé 140/280 | F29: par tranche de 30 m²--première journée de chantier = à 3 compagnons 8h de tracompter 1242€les journée suivantes 1642€
A30: OSB3 18 mm
A31: Isolant phonique phaltex 10 mm
A32: bande résiliente sur solives
A33: OSB3 12 mm
A34: Steico flex 0,36 220 mm entre solive
A35: solives 80/240
A36: poteaux 140/140 laméllé collé
A38: Toiture Terrasse | B38: 1 | C38: m² | D38: 143.57 | E38: 358.07
A39: laméllé collé 140/360
A40: solives 80/240
A41: poteaux 140/140
A42: isolant laine de roche en 240 mm R 6,75
A43: sur toiture Steico etanche en 80 mm R 2,05
A44: OSB3 en 18 mm
A45: pare vapeur
A46: Total HT de la structure bois ainsi composée | E46: 1241.03
A48: Vegetalisation
A49: fragment de sedum | F49: par tranche de 30 m²--première journée de chantier = à 3 compagnons 8h de tracompter 1242€les journée suivantes 1642€
A50: Substrat
A51: feutre filtrant
A52: Plaque de drain 20mm
A53: Géotextile 300 g/m²
A54: Boite pare gravier
A55: bande pare gravier
A56: végetalisation | B56: 1 | C56: m² | E56: 42.36
A57: Transport | E57: 1500
A58: gruttage | E58: 1520
A59: Total HT de l'ensemble | E59: 4303.39

Sheet ISOLATIONS
A1: COMPLEXE D'ISOLATION | B1: LAMBDA | C1: ISO ENTRE EP | D1: ISO INTERIEURE | E1: RT 2012 | F1: PASSIF | G1: QTE | H1: PRIX AU M2 | I1: TOTAL | J1: TOTAL TTC | K1: CHOIX | L1: TOTAL HT | M1: TOTAL TTC
A2: TOITURE RAMPANTS
A3: ISO ENTRE CHEVRONS mb rock | C3: 200 MM | H3: 16.24 | I3: =G3*H3 -> 0 | J3: =I3*1.2 -> 0
A4: ISO INTERIEURE rock plus | H4: 10.68 | I4: =G4*H4 -> 0 | J4: =I4*1.2 -> 0
A5: TOTAL | I5: =G5*H5 -> 0 | J5: =I5*1.2 -> 0
A6: TOITURE TERASSE | I6: =G6*H6 -> 0 | J6: =I6*1.2 -> 0
A7: 1ERE COUCHE ROCK ACIER | C7: 100 | G7: ='SAISIE TECHNIQUE'!#REF! -> #REF! | H7: 10 | I7: =G7*H7 -> #REF! | J7: =I7*1.2 -> #REF!
A8: 2EME COUCHE | C8: 60 | G8: ='SAISIE TECHNIQUE'!#REF! -> #REF! | H8: 6 | I8: =G8*H8 -> #REF! | J8: =I8*1.2 -> #REF!
A9: TOTAL | I9: =G9*H9 -> 0 | J9: =I9*1.2 -> 0
A10: ISO MURS BARDAGE | I10: =G10*H10 -> 0 | J10: =I10*1.2 -> 0
A11: ISO EXT LAINE DE BOIS | G11: ='SAISIE TECHNIQUE'!#REF! -> #REF! | I11: =G11*H11 -> #REF! | J11: =I11*1.2 -> #REF!
A12: ISO ENTRE MONTANT MB ROCK | G12: ='SAISIE TECHNIQUE'!#REF! -> #REF! | H12: 10.8 | I12: =G12*H12 -> #REF! | J12: =I12*1.2 -> #REF!
A13: ISO INTERIEURE rock plus | D13: 100 | G13: ='SAISIE TECHNIQUE'!#REF! -> #REF! | H13: 10.6 | I13: =G13*H13 -> #REF! | J13: =I13*1.2 -> #REF!
A14: TOTAL | I14: =G14*H14 -> 0 | J14: =I14*1.2 -> 0
A15: ISO MURS ENDUITS | G15: ='SAISIE TECHNIQUE'!#REF! -> #REF! | I15: =G15*H15 -> #REF! | J15: =I15*1.2 -> #REF!
A16: ISO EXT 50MM ECO ROCK | G16: ='SAISIE TECHNIQUE'!#REF! -> #REF! | H16: 7.55 | I16: =G16*H16 -> #REF! | J16: =I16*1.2 -> #REF!
A17: ENTRE MONTANT MB ROCK | G17: ='SAISIE TECHNIQUE'!#REF! -> #REF! | H17: 10.8 | I17: =G17*H17 -> #REF! | J17: =I17*1.2 -> #REF!
A18: ISO INT rock plus | G18: ='SAISIE TECHNIQUE'!#REF! -> #REF! | H18: 10.6 | I18: =G18*H18 -> #REF! | J18: =I18*1.2 -> #REF!
A19: TOTAL | H19: =SUM(H16:H18) -> 28.95 | I19: =SUM(I3:I18) -> #REF! | J19: =SUM(J3:J18) -> #REF! | L19: =SUM(L3:L18) -> 0 | M19: =L19*1.2 -> 0
A20: MENU DEROULANT

Sheet PAREMENT EXT
A1: DESIGNATION | B1: QTE | C1: P.U ML/M2 | D1: TOTAL HT | E1: CHOIX | F1: TOTAL
A2: BARDAGE BOIS TON NATUREL CLASSIC SILVERWOOD | D2: =B2*C2 -> 0
A3: BARDAGE BOIS PEINT | B3: =+'SAISIE TECHNIQUE'!#REF! -> #REF! | D3: =B3*C3 -> #REF!
D4: =B4*C4 -> 0
D5: =B5*C5 -> 0
D6: =B6*C6 -> 0
A7: CREPIS TALOCHE | B7: ='SAISIE TECHNIQUE'!#REF! -> #REF! | D7: =B7*C7 -> #REF!
D8: =B8*C8 -> 0
D9: =B9*C9 -> 0
D10: =B10*C10 -> 0
D11: =B11*C11 -> 0
D12: =B12*C12 -> 0
A13: TOTAL HT | D13: =SUM(D2:D12) -> #REF!
A14: TVA | D14: =D13*0.2 -> #REF!
A15: MONTANT TTC | D15: =D13*1.2 -> #REF!

Sheet Luxe
A1: OBJET | B1: QTE | C1: P.U | D1: TOTAL | E1: TOTAL TTC
A2: PANNEAU A CARRELER SUR OSSATURE
A3: BATI SUPPORT WC A CARRELER
A4: ACCESSOIRES ETANCHEITE
A5: NICHES
A6: ELEMENTS DE SUPPORT DOUCHE
A7: RECEVEUR AVEC PENTE
A8: BONDE
A9: SIPHON

Sheet DEVIS CEMEX
A1: OBJET | B1: QTE | C1: TOTAL HT | D1: TOTAL TTC
A2: beton auto nivellant
A3: chappe fluide auto lissant
A7: TOTAL TTC | D7: TOTAL TTC

Sheet PIECES
A1: PIECES | B1: LONG | C1: LARG | D1: TOT SOL | E1: TOT MUR ML | F1: HSP | G1: SURFACE | H1: CLOISONS | I1: SURF | J1: PLAF | K1: SOLS | L1: PEINTURE
A2: cuisine | B2: 5 | C2: 6 | D2: =B2*C2 -> 30 | E2: =B2*2+C2*2 -> 22 | G2: =E2*F2 -> 0 | I2: =H2*F2 -> 0 | J2: =D2 -> 30 | K2: =D2 -> 30 | L2: =G2+I2+J2+I2 -> 30
D3: =B3*C3 -> 0 | E3: =B3*2+C3*2 -> 0 | G3: =E3*F3 -> 0 | I3: =H3*F3 -> 0 | J3: =D3 -> 0 | K3: =D3 -> 0 | L3: =G3+I3+J3+I3 -> 0
D4: =B4*C4 -> 0 | E4: =B4*2+C4*2 -> 0 | F4: 3 | G4: =E4*F4 -> 0 | I4: =H4*F4 -> 0 | J4: =D4 -> 0 | K4: =D4 -> 0 | L4: =G4+I4+J4+I4 -> 0
D5: =B5*C5 -> 0 | E5: =B5*2+C5*2 -> 0 | G5: =E5*F5 -> 0 | I5: =H5*F5 -> 0 | J5: =D5 -> 0 | K5: =D5 -> 0 | L5: =G5+I5+J5+I5 -> 0
D6: =B6*C6 -> 0 | E6: =B6*2+C6*2 -> 0 | G6: =E6*F6 -> 0 | I6: =H6*F6 -> 0 | J6: =D6 -> 0 | K6: =D6 -> 0 | L6: =G6+I6+J6+I6 -> 0
D7: =B7*C7 -> 0 | E7: =B7*2+C7*2 -> 0 | G7: =E7*F7 -> 0 | I7: =H7*F7 -> 0 | J7: =D7 -> 0 | K7: =D7 -> 0 | L7: =G7+I7+J7+I7 -> 0
D8: =B8*C8 -> 0 | E8: =B8*2+C8*2 -> 0 | G8: =E8*F8 -> 0 | I8: =H8*F8 -> 0 | J8: =D8 -> 0 | K8: =D8 -> 0 | L8: =G8+I8+J8+I8 -> 0
D9: =B9*C9 -> 0 | E9: =B9*2+C9*2 -> 0 | G9: =E9*F9 -> 0 | I9: =H9*F9 -> 0 | J9: =D9 -> 0 | K9: =D9 -> 0 | L9: =G9+I9+J9+I9 -> 0
D10: =B10*C10 -> 0 | E10: =B10*2+C10*2 -> 0 | G10: =E10*F10 -> 0 | I10: =H10*F10 -> 0 | J10: =D10 -> 0 | K10: =D10 -> 0 | L10: =G10+I10+J10+I10 -> 0
D11: =B11*C11 -> 0 | E11: =B11*2+C11*2 -> 0 | G11: =E11*F11 -> 0 | I11: =H11*F11 -> 0 | J11: =D11 -> 0 | K11: =D11 -> 0 | L11: =G11+I11+J11+I11 -> 0
D12: =B12*C12 -> 0 | E12: =B12*2+C12*2 -> 0 | G12: =E12*F12 -> 0 | I12: =H12*F12 -> 0 | J12: =D12 -> 0 | K12: =D12 -> 0 | L12: =G12+I12+J12+I12 -> 0
D13: =B13*C13 -> 0 | E13: =B13*2+C13*2 -> 0 | G13: =E13*F13 -> 0 | I13: =H13*F13 -> 0 | J13: =D13 -> 0 | K13: =D13 -> 0 | L13: =G13+I13+J13+I13 -> 0
D14: =B14*C14 -> 0 | E14: =B14*2+C14*2 -> 0 | G14: =E14*F14 -> 0 | I14: =H14*F14 -> 0 | J14: =D14 -> 0 | K14: =D14 -> 0 | L14: =G14+I14+J14+I14 -> 0
D15: =B15*C15 -> 0 | E15: =B15*2+C15*2 -> 0 | G15: =E15*F15 -> 0 | I15: =H15*F15 -> 0 | J15: =D15 -> 0 | K15: =D15 -> 0 | L15: =G15+I15+J15+I15 -> 0
D16: =B16*C16 -> 0 | E16: =B16*2+C16*2 -> 0 | G16: =E16*F16 -> 0 | I16: =H16*F16 -> 0 | J16: =D16 -> 0 | K16: =D16 -> 0 | L16: =G16+I16+J16+I16 -> 0
... D22: =B22*C22 -> 0 | E22: =B22*2+C22*2 -> 0 | G22: =E22*F22 -> 0 | I22: =H22*F22 -> 0 | J22: =D22 -> 0 | K22: =D22 -> 0 | L22: =G22+I22+J22+I22 -> 0
A23: TOTAL | G23: =SUM(G2:G22) -> 0 | I23: =SUM(I2:I22) -> 0 | J23: =SUM(J2:J22) -> 30 | L23: =SUM(L2:L22) -> 30
A24: BA13 | B24: =G23+I23+J23 -> 30 | C24: 35 | D24: =B24*C24 -> 1050
A25: PEINTURE | C25: 16 | D25: =B25*C25 -> 0
A26: CARRELAGE | C26: 55 | D26: =B26*C26 -> 0
A27: PARQUET | C27: 38 | D27: =B27*C27 -> 0
A28: CLOISONS | C28: 52 | D28: =B28*C28 -> 0
D29: =B29*C29 -> 0
D30: =B30*C30 -> 0
A31: TOTAL HT | D31: =SUM(D24:D30) -> 1050
A32: TOTAL TTC
